 Dungeon Crawl Stone Soup version 0.31-a0-1467-g53b6572822 (webtiles) character file.

Game seed: 4779750583023261000

13431466 MackTheKnife the Archmage (level 27, 323/323 HPs)
             Began as an Oni Conjurer on Dec 26, 2023.
             Was the Champion of Ashenzari.
             Escaped with the Orb
             ... and 15 runes
             ... and 2 gems on Dec 28, 2023!
             The game lasted 04:50:28 (120829 turns).

MackTheKnife the Archmage (Oni Conjurer)          Turns: 120829, Time: 04:50:29

Health: 323/323    AC: 28    Str: 28    XL:     27
Magic:  54/54      EV: 17    Int: 37    God:    Ashenzari [******]
Gold:   7149       SH: 21    Dex: 11    Spells: 16/80 levels left

rFire   + + .        R - +8 mithril axe "Arga" {speed, Will+, Melee, Fort} (curse)
rCold   + + +        B - +5 kite shield of Desmomancy {rC+, Fort, Cun} (curse)
rNeg    + + +        f - quicksilver dragon scales "Sophism of Ashenzari" {Will+, rare, Melee, Fort} (curse)
rPois   ∞            F - +1 hat of the Fated Loss {rF+ Str+3 Dex+3, Sorc, Self} (curse)
rElec   +            P - +2 cloak of Ashenzari's Pleiades {Will+, Elem, Cun} (curse)
rCorr   +            (gloves unavailable)
SInv    +            (boots unavailable)
Will    +++++        j - amulet of the Ensconced Augur {Acrobat ^Fragile rF+ Int+7 Stlth-, Bglg, Comp} (curse)
Stlth   +            l - ring "Chained Pessimism" {rElec rCorr, Sorc, Elem} (curse)
HPRegen 1.53/turn    J - ring of the Profound Mutualism {Fly rPois AC+4 Int+3, Dev, Comp} (curse)
MPRegen 0.34/turn

%: acrobat, clarity
@: death-form, flying, studying 6 skills
A: vile attack, torment immunity, no potions, large, unfitting armour, horns 1,
tough skin 1, double potion healing, drunken brawling, clever 1, regeneration 1,
screaming 1, weak 1, wild magic 1, no potion heal 1
0: Orb of Zot
}: 15/15 runes: serpentine, barnacled, slimy, silver, golden, iron, obsidian,
icy, bone, abyssal, demonic, glowing, magical, fiery, dark
a: Siphon Essence, Begin Untransformation, Renounce Religion, Shatter the Chains


You escaped.
You worshipped Ashenzari.
Ashenzari was exalted by your worship.
You were an undying horror.
You visited 18 branches of the dungeon, and saw 88 of its levels.
You visited Pandemonium 2 times, and saw 17 of its levels.
You visited the Abyss 1 time.
You visited 2 bazaars.
You visited 1 ziggurat, and saw 15 of its levels.
You also visited: Trove and Gauntlet.

You collected 13648 gold pieces.
You spent 6499 gold pieces at shops.


Innate Abilities, Weirdness & Mutations

You are an undying horror.
Your melee and unarmed attacks drain, slow and weaken victims.
You are immune to unholy pain and torment.
You cannot drink.
You are immune to poison.
You are too large for most types of armour.
You have a pair of small horns on your head.
You have tough skin. (AC +1)
You gain doubled healing and magic from potions.
Whenever you drink a healing potion, you attack all around you.
Your mind is acute. (Int +4, Str/Dex -1)
Your natural rate of healing is unusually fast.
You occasionally shout uncontrollably at your foes.
You are weak. (Str -2)
Your spells are a little harder to cast, but a little more powerful.
Potions are less effective at restoring your health.


   Skills:
 O Level 27 Fighting
 - Level 4.5(7.9) Short Blades
 - Level 18.3(23.0) Axes
 - Level 13.6(20.4) Maces & Flails
 - Level 19.6(24.0) Armour
 - Level 20.3(23.6) Dodging
 - Level 3.0(6.0) Stealth
 + Level 20.8(25.1) Shields
 O Level 27 Spellcasting
 - Level 7.4(11.0) Conjurations
 - Level 10.7(14.3) Summonings
 - Level 10.9(14.5) Necromancy
 - Level 9.1(11.5) Translocations
 - Level 4.2(7.5) Fire Magic
 - Level 24.0(27) Ice Magic
 - Level 4.2(7.5) Air Magic
 - Level 7.4(11.1) Earth Magic
 - Level 12.3(15.9) Alchemy
 - Level 6.8(9.3) Evocations
 - Level 20.8(23.0) Shapeshifting


You had 16 spell levels left.
You knew the following spells:

 Your Spells              Type           Power      Damage    Failure   Level
a - Curse of Agony        Necr           100%       N/A       1%          5
b - Blink                 Tloc           100%       N/A       1%          2
c - Malign Gateway        Summ/Tloc      56%        N/A       3%          7
d - Sculpt Simulacrum     Ice/Alch       67%        N/A       1%          6
e - Plasma Beam           Fire/Air       47%        2x1d62    5%          6
f - Borgnjor's Vile Clut  Necr/Erth      56%        N/A       1%          5
g - Fugue of the Fallen   Necr           100%       N/A       1%          3
h - Polar Vortex          Ice            72%        12d9*     1%          9
j - Martyr's Knell        Necr/Summ      100%       N/A       1%          4
k - Spellforged Servitor  Conj/Summ      56%        N/A       4%          7
A - Animate Dead          Necr           100%       N/A       1%          4
B - Death Channel         Necr           58%        N/A       1%          6

Your spell library contained the following spells:

 Spells                   Type           Power      Damage    Failure   Level
 Apportation              Tloc           100%       N/A       1%          1
 Foxfire                  Conj/Fire      100%       2x1d9     1%          1
 Freeze                   Ice            100%       1d10      1%          1
 Magic Dart               Conj           100%       1d8       1%          1
 Necrotise                Necr           100%       1d9       1%          1
 Sandblast                Erth           100%       2d20      1%          1
 Shock                    Conj/Air       100%       1d9       1%          1
 Slow                     Hex            100%       N/A       1%          1
 Sting                    Conj/Alch      100%       1d9       1%          1
 Summon Small Mammal      Summ           100%       N/A       1%          1
 Cigotuvi's Dreadful Rot  Necr/Alch/Air  100%       N/A       1%          2
 Ensorcelled Hibernation  Hex/Ice        100%       N/A       1%          2
 Jinxbite                 Hex            100%       N/A       1%          2
 Lesser Beckoning         Tloc           100%       N/A       1%          2
 Mercury Vapours          Alch/Air       100%       N/A       1%          2
 Momentum Strike          Conj/Tloc      100%       3d10      1%          2
 Searing Ray              Conj           100%       2d8       1%          2
 Static Discharge         Conj/Air       100%       3-8/arc   1%          2
 Sublimation of Blood     Necr           100%       N/A       1%          2
 Call Canine Familiar     Summ           100%       N/A       1%          3
 Dazzling Flash           Conj/Hex       100%       N/A       1%          3
 Frozen Ramparts          Ice            100%       1d16      1%          3
 Gell's Gravitas          Tloc           100%       N/A       1%          3
 Hailstorm                Conj/Ice       100%       3d16      1%          3
 Inner Flame              Hex/Fire       80%        N/A       1%          3
 Mephitic Cloud           Conj/Alch/Air  100%       N/A       1%          3
 Ozocubu's Armour         Ice            100%       N/A       1%          3
 Passwall                 Erth           100%       N/A       1%          3
 Stone Arrow              Conj/Erth      100%       3d13      1%          3
 Summon Ice Beast         Ice/Summ       100%       N/A       1%          3
 Swiftness                Air            95%        N/A       1%          3
 Teleport Other           Tloc           100%       N/A       1%          3
 Vampiric Draining        Necr           100%       2d13      1%          3
 Volatile Blastmotes      Fire/Tloc      100%       2d18      1%          3
 Airstrike                Air            47%        2d(7-23)  1%          4
 Animate Armour           Summ/Erth      100%       N/A       1%          4
 Brom's Barrelling Bould  Conj/Erth      100%       2d11      1%          4
 Dimensional Bullseye     Hex/Tloc       44%        N/A       1%          4
 Dispel Undead            Necr           100%       3d31      1%          4
 Flame Wave               Conj/Fire      100%       2d21      1%          4
 Fulminant Prism          Conj/Alch      57%        3d24      1%          4
 Ignite Poison            Fire/Alch      100%       N/A       1%          4
 Iskenderun's Mystic Bla  Conj/Tloc      100%       2d19      1%          4
 Manifold Assault         Tloc           100%       N/A       1%          4
 Olgreb's Toxic Radiance  Alch           100%       N/A       1%          4
 Passage of Golubria      Tloc           100%       N/A       1%          4
 Petrify                  Alch/Erth      100%       N/A       1%          4
 Sticky Flame             Fire/Alch      100%       2d15      1%          4
 Summon Blazeheart Golem  Fire/Summ      100%       N/A       1%          4
 Summon Lightning Spire   Summ/Air       100%       N/A       1%          4
 Vhi's Electric Charge    Tloc/Air       100%       N/A       1%          4
 Alistair's Intoxication  Alch           80%        N/A       1%          5
 Arcjolt                  Conj/Air       50%        1d60      1%          5
 Fireball                 Conj/Fire      50%        3d20      1%          5
 Freezing Cloud           Conj/Ice/Air   59%        6-21      1%          5
 Irradiate                Conj/Alch      57%        3d30      1%          5
 Iskenderun's Battlesphe  Conj           100%       2d15      1%          5
 Lee's Rapid Deconstruct  Erth           53%        3d25*     1%          5
 Metabolic Englaciation   Hex/Ice        57%        N/A       1%          5
 Summon Forest            Summ/Tloc      56%        N/A       1%          5
 Summon Mana Viper        Hex/Summ       94%        N/A       1%          5
 Yara's Violent Unravell  Hex/Alch       48%        3d19      1%          5
 Bombard                  Conj/Erth      53%        9d9       1%          6
 Dispersal                Tloc           54%        N/A       1%          6
 Eringya's Noxious Bog    Alch           60%        4d6       1%          6
 Summon Cactus Giant      Summ           58%        N/A       1%          6
 Ozocubu's Refrigeration  Ice            72%        4d23      1%          7
 Confusing Touch          Hex            61%        N/A       2%          3
 Sigil of Binding         Hex            61%        N/A       2%          3
 Tukima's Dance           Hex            61%        N/A       2%          3
 Haunt                    Necr/Summ      58%        N/A       2%          7
 Summon Hydra             Summ           58%        N/A       2%          7
 Conjure Ball Lightning   Conj/Air       50%        3x3d17    3%          6
 Starburst                Conj/Fire      50%        6d14      3%          6
 Silence                  Hex/Air        40%        N/A       4%          5
 Cause Fear               Hex            30%        N/A       7%          4
 Orb of Destruction       Conj           53%        9d13      7%          7
 Borgnjor's Revivificati  Necr           58%        N/A       13%         8
 Summon Horrible Things   Summ           58%        N/A       13%         8
 Disjunction              Tloc           54%        N/A       34%         8
 Lehudib's Crystal Spear  Conj/Erth      53%        10d13     41%         8
 Death's Door             Necr           58%        N/A       83%         9
 Dragon's Call            Summ           58%        N/A       86%         9
 Ignition                 Fire           47%        3d13      87%         8
 Maxwell's Capacitive Co  Air            47%        ∞         87%         8
 Shatter                  Erth           53%        3d40*     99%         9
 Discord                  Hex            30%        N/A       100%        8
 Chain Lightning          Conj/Air       50%        3d67      100%        9
 Fire Storm               Conj/Fire      50%        8d13      100%        9

Inventory:

Hand Weapons
 R - the cursed +8 mithril axe "Arga" (weapon) {speed, Will+, Melee, Fort}
   (You took it off a deep elf sorcerer on level 3 of the Elven Halls)

   Will+:     It increases your willpower.
   It has a curse which improves the following skills: Melee Combat: Short
   Blades, Long Blades, Axes, Maces & Flails, Polearms, Staves and Unarmed
   Combat.
   Fortitude: Armour and Shields.
 W - the +13 sceptre of Asmodeus
   (You took it off Asmodeus on level 7 of Gehenna)

   Fire Summon: It may summon demons of flame and damnation when striking foes.
Armour
 f - the cursed quicksilver dragon scales "Sophism of Ashenzari" (worn) {Will+, rare, Melee, Fort}
   (You found it on level 4 of the Depths)

   Will+:     It increases your willpower.
   It has a curse which improves the following skills: Melee Combat: Short
   Blades, Long Blades, Axes, Maces & Flails, Polearms, Staves and Unarmed
   Combat.
   Fortitude: Armour and Shields.
 t - the +0 cloak of Xom, Enfolding {rF+ rC+}
   (You found it on level 5 of the Vaults)

   rF+:       It protects you from fire.
   rC+:       It protects you from cold.
 z - the +5 moon troll leather armour {Spirit, Regen++ MP+5}
   (You found it on level 3 of the Realm of Zot)

   MP+5:      It affects your magic capacity (+5).
   Regen++:   It increases your rate of health regeneration.
 B - the cursed +5 kite shield of Desmomancy (worn) {rC+, Fort, Cun}
   (You found it on level 3 of the Vaults)

   It has a curse which improves the following skills: Fortitude: Armour and
   Shields.
   Cunning:   Dodging and Stealth.
 F - the cursed +1 hat of the Fated Loss (worn) {rF+ Str+3 Dex+3, Sorc, Self}
   (You found it in a Gauntlet)

   Str+3:     It affects your strength (+3).
   Dex+3:     It affects your dexterity (+3).
   rF+:       It protects you from fire.
   It has a curse which improves the following skills: Sorcery: Conjurations and
   Alchemy.
   Introspection: Fighting and Spellcasting.
 P - the cursed +2 cloak of Ashenzari's Pleiades (worn) {Will+, Elem, Cun}
   (You took it off a draconian monk on level 4 of the Realm of Zot)

   It has a curse which improves the following skills: Elements: Fire Magic, Ice
   Magic, Air Magic and Earth Magic.
   Cunning:   Dodging and Stealth.
Jewellery
 j - the cursed amulet of the Ensconced Augur (around neck) {Acrobat ^Fragile rF+ Int+7 Stlth-, Bglg, Comp}
   (You bought it in a shop on level 11 of the Dungeon)

   [amulet of the acrobat]

   Acrobat:   It increases your evasion while moving and waiting.
   Int+7:     It affects your intelligence (+7).
   rF+:       It protects you from fire.
   ^Fragile:  It will be destroyed if unequipped.
   Stlth-:    It makes you less stealthy.
   It has a curse which improves the following skills: Beguiling: Hexes and
   Translocations.
   Companions: Summonings and Necromancy.
 l - the cursed ring "Chained Pessimism" (left hand) {rElec rCorr, Sorc, Elem}
   (You bought it in a shop on level 3 of the Depths)

   [ring of resist corrosion]

   rElec:     It insulates you from electricity.
   rCorr:     It protects you from acid and corrosion.
   It has a curse which improves the following skills: Sorcery: Conjurations and
   Alchemy.
   Elements:  Fire Magic, Ice Magic, Air Magic and Earth Magic.
 E - the amulet of Vitality {RegenMP++ Regen++}
   (You found it on level 9 of a ziggurat)

   [amulet of magic regeneration]

   RegenMP:   It increases your rate of magic regeneration.
   Regen++:   It increases your rate of health regeneration.
 J - the cursed ring of the Profound Mutualism (right hand) {Fly rPois AC+4 Int+3, Dev, Comp}
   (You took it off a merfolk aquamancer on level 4 of the Shoals)

   [ring of protection]

   AC+4:      It affects your AC (+4).
   Int+3:     It affects your intelligence (+3).
   rPois:     It protects you from poison Fly: It grants you flight.
   It has a curse which improves the following skills: Devices: Evocations and
   Shapeshifting.
   Companions: Summonings and Necromancy.
 Q - the amulet "Hamausch" {RegenMP rPois rF++ rN+ Dex+2}
   (You took it off a frost giant on level 1 of the Depths)

   [amulet of magic regeneration]

   RegenMP:   It increases your rate of magic regeneration.
   Dex+2:     It affects your dexterity (+2).
   rF++:      It greatly protects you from fire.
   rPois:     It protects you from poison rN+: It protects you from negative
   energy.
Talismans
 i - the death talisman of Pan-Flutes (active) {rC+ rCorr Str+5}
   (You found it on level 4 of the Depths)

   [talisman of death]

   Str+5:     It affects your strength (+5).
   rC+:       It protects you from cold.
   rCorr:     It protects you from acid and corrosion.
Wands
 d - a wand of roots (63)
   (You found it on level 6 of the Dungeon)
 o - a wand of paralysis (65)
   (You found it on level 4 of the Dungeon)
 s - a wand of mindburst (63)
   (You found it on level 2 of the Vaults)
 K - a wand of digging (19)
   (You found it on level 4 of the Lair of Beasts)
 L - a wand of polymorph (41)
   (You found it on level 4 of the Lair of Beasts)
 N - a wand of quicksilver (50)
   (You found it on level 11 of the Dungeon)
Scrolls
 a - 8 scrolls of fear
 e - 17 scrolls of fog
 k - 13 scrolls of teleportation {@r4}
 n - 10 scrolls of poison {!r}
 u - 3 scrolls of revelation
 v - 9 scrolls of enchant armour
 x - 2 scrolls of blinking {!r}
 y - 7 scrolls of immolation {!r!r}
 C - 12 scrolls of vulnerability {!r!r}
 M - a scroll of summoning
 U - 2 scrolls of amnesia
Potions
 b - 7 potions of magic
 c - 5 potions of heal wounds {@q2}
 g - 6 potions of brilliance
 q - 13 potions of mutation {!q}
 w - 14 potions of might
 A - 10 potions of curing {@q1}
 D - 9 potions of enlightenment
 G - 2 potions of invisibility
 I - 7 potions of haste {@q3}
 O - 7 potions of cancellation
 T - 3 potions of resistance
 V - a potion of ambrosia
Miscellaneous
 h - a phantom mirror
   (You found it on level 5 of the Vaults)
 m - the horn of Geryon
   (You took it off Geryon in the Vestibule of Hell)
 p - a sack of spiders
   (You found it on level 3 of the Snake Pit)
 r - a tin of tremorstones (2/2) {throwing}
   (You found it on level 1 of the Vaults)
 H - a phial of floods
   (You found it in a Gauntlet)
 S - a lightning rod (4/4)
   (You found it on level 11 of the Dungeon)

Dungeon Overview and Level Annotations

Branches:
Dungeon (15/15)            Temple (1/1) D:5            Lair (5/5) D:10
 Shoals (4/4) Lair:2        Snake (4/4) Lair:3        Slime (5/5) Lair:4
    Orc (2/2) D:9             Elf (3/3) Orc:2        Vaults (5/5) D:13
  Crypt (3/3) Vaults:2       Tomb (3/3) Crypt:3      Depths (4/4) D:15
   Hell (visited)             Dis (7/7) Hell            Geh (7/7) Hell
    Coc (7/7) Hell            Tar (7/7) Hell            Zot (5/5) Depths:4
Gauntlet (visited)

Altars:
Ashenzari
Cheibriados
Dithmenos
Elyvilon
Fedhas
Gozag
Hepliaklqana
Kikubaaqudgha
Makhleb
Nemelex Xobeh
Okawaru
Qazlal
Ru
Sif Muna
Trog
Uskayaw
Vehumet
Wu Jian
Xom
Yredelemnul
Zin
The Shining One

Shops:
D:9 *=   D:11 =   D:12 [   Orc:2 *(:(!!(   Elf:1 :   Shoals:3 =   Snake:3 ([[[
Vaults:2 :   Depths:3 =   Depths:4 =:=

Portals:
Hell: Depths:1 Depths:2 Depths:3 Depths:4
Abyss: Depths:3 Depths:4
Pandemonium: Depths:2 Depths:3

Annotations:
D:2 1 runed translucent door, Crazy Yiuf
D:4 exclusion: downstairs
Snake:2 3 runed translucent doors, Peboiloth's ghost, adept DsHu; Sagen's ghost, adept DrCj; Zonian's ghost, adept HOFi
Dis:7 Dispater

#.##..# #.##########.# #....
#.##..# #.#.......##.# ##..#.
#.#...# #.#.#####.##.# ##...#.
#.#.#.# #.#.# #.##.# ##....#.
#.#+#.### #.#.# #.##.###..#..#.
#.......# #.#.#####.##.#...##..#.
#....##.# #.#.#.#.#.##†#.####....
#....##.# #.#.......##.#.####.###
#....##.###.#...z...##........###
#.#.###.....#.......##...........
#.#.# #..####.#.#.#.##...........
..#.###..# ##.#####.##...........
#.#......###8.8# #8.8#...........
#.######.##....# #...#...........
...# #.##....###...............
.#.#####.##.#####...###..........
.#..........###...### #..........


There were no monsters in sight!


Message History

You slash the lorocyproca!
You kill the lorocyproca!
There is a stone staircase leading up here.
You fly upwards.
There is a stone staircase leading down here.
There is a fountain of clear blue water here.
There is a fountain of clear blue water here.
There is a stone staircase leading up here.
You fly upwards.
There is a stone staircase leading down here.
There is a stone staircase leading up here.
You fly upwards.
There is a stone staircase leading down here.
A sun demon comes into view.
You yell at the sun demon!
The sun demon shouts!
You block the sun demon's attack.
You slash the sun demon!
The sun demon decays.
You barely miss the sun demon. You block the sun demon's attack.
You slice the sun demon!!
The sun demon decays.
You headbutt the sun demon, but do no damage.
You barely miss the sun demon. You slash the sun demon!
You kill the sun demon!
No target in view!
No target in view!
A smoke demon comes into view.
There is an open door here.
There is a stone staircase leading up here.
You fly upwards.
There is a stone staircase leading down here.
There is a stone staircase leading up here.
You fly upwards.
There is a stone staircase leading down here.
There is a stone staircase leading up, spattered with blood here.
You fly upwards.
There is a stone staircase leading down here.
There is an open door here.
There is a stone staircase leading up here.
You fly upwards.
There is a stone staircase leading down here.
There is a stone staircase leading up here.
You fly upwards.
There is a stone staircase leading down here.
There is a stone staircase leading up here.
You fly upwards.
There is a stone staircase leading down here.
An Orb Guardian comes into view.
You hit the Orb Guardian.
The Orb Guardian decays.
You block the Orb Guardian's attack.
You barely miss the Orb Guardian.
You headbutt the Orb Guardian, but do no damage.
You slice the Orb Guardian!!
The Orb Guardian decays.
You headbutt the Orb Guardian, but do no damage.
You miss the Orb Guardian. You headbutt the Orb Guardian!
The Orb Guardian hits you but does no damage.
You slash the Orb Guardian!
The Orb Guardian decays.
You headbutt the Orb Guardian!
You hit the Orb Guardian but do no damage.
Your headbutt misses the Orb Guardian. The Orb Guardian closely misses you.
You slice the Orb Guardian!!
The Orb Guardian decays.
You completely miss the Orb Guardian.
You headbutt the Orb Guardian, but do no damage.
You block the Orb Guardian's attack.
You closely miss the Orb Guardian. Your headbutt misses the Orb Guardian.
You slash the Orb Guardian!
You kill the Orb Guardian!
There is a stone staircase leading up here.
You fly upwards.
There is a stone staircase leading down here.
There is a stone staircase leading up here.
You fly upwards.
Level annotation: exclusion: downstairs
There is a stone staircase leading down here.
You see here a potion of degeneration {!q@e2}.
There is a stone staircase leading up here.
You fly upwards.
There is a stone staircase leading down here.
There is a stone staircase leading up here.
You fly upwards.
Level annotation: 1 runed translucent door, Crazy Yiuf
There is a stone staircase leading down here.
You sense a monster nearby.
A blizzard demon comes into view.
The blizzard demon shouts!
The blizzard demon gestures at you. The bolt of lightning hits you! You resist.
There is a stone staircase leading up here. 😕 HP[-9]
You take 9 damage, and now have 314/323 hp.
You fly upwards.
There is a stone staircase leading down here. 😕 HP[+4]
You regained 4 hp, and now have 318/323 hp.
Okay, then.
Unknown command.
There is a staircase leading out of the dungeon here. 😎 HP[+5]
Your hp is fully restored (323).
You have escaped!

Skill      XL: |  1  2  3  4  5  6  7  8  9 10 11 12 13 14 15 16 17 18 19 20 21 22 23 24 25 26 27 |
---------------+----------------------------------------------------------------------------------+-----
Fighting       | 1 2 3 4 6 7 8 10 12 13 15 17 19 22 24 27 | 27.0
Spellcasting   | 3 4 5 8 9 12 14 15 17 27 | 27.0
Conjurations   | 4 5 6 7 |  7.4
Alchemy        | 2 4 9 12 | 12.3
Evocations     | 1 2 6 |  6.8
Translocations | 2 4 7 9 |  9.1
Necromancy     | 6 9 10 | 10.9
Earth Magic    | 4 7 |  7.4
Short Blades   | 4 |  4.5
Dodging        | 4 5 6 7 20 | 20.3
Armour         | 4 8 19 | 19.6
Stealth        | 2 3 |  3.0
Shields        | 5 9 12 13 20 | 20.8
Maces & Flails | 4 9 12 13 | 13.6
Summonings     | 9 10 | 10.7
Fire Magic     | 3 4 |  4.2
Air Magic      | 3 4 |  4.2
Axes           | 8 12 18 | 18.3
Ice Magic      | 5 7 24 | 24.0
Shapeshifting  | 3 13 17 20 | 20.8

Action                     |  1- 3 |  4- 6 |  7- 9 | 10-12 | 13-15 | 16-18 | 19-21 | 22-24 | 25-27 || total
---------------------------+-------+-------+-------+-------+-------+-------+-------+-------+-------++-------
  Melee: Mace              |    20 |       |       |       |       |       |       |       |       ||    20
         Headbutt          |     3 |     1 |    12 |    44 |   179 |   145 |   192 |   269 |  1947 ||  2792
         Dagger            |       |    22 |    50 |   198 |   525 |   149 |       |       |       ||   944
         Punch             |       |       |     1 |     4 |    11 |     4 |       |       |       ||    20
         Eveningstar       |       |       |       |       |       |   710 |  1706 |   245 |       ||  2661
         Broad axe         |       |       |       |       |       |       |       |   732 |  5766 ||  6498
         Kick              |       |       |       |       |       |       |       |   316 |  2978 ||  3294
   Cast: Magic Dart        |    92 |   111 |   110 |   135 |     1 |       |       |       |       ||   449
         Searing Ray       |       |    14 |    32 |    27 |       |       |       |       |       ||    73
         Fulminant Prism   |       |       |    23 |    69 |    90 |    12 |       |       |       ||   194
         Animate Dead      |       |       |       |    10 |    21 |    23 |    20 |    12 |    18 ||   104
         Iskenderun's Myst |       |       |       |     5 |     5 |     2 |       |       |       ||    12
         Borgnjor's Vile C |       |       |       |    45 |   230 |   132 |    25 |    44 |    47 ||   523
         Death Channel     |       |       |       |       |    23 |    39 |    28 |    13 |    22 ||   125
         Vampiric Draining |       |       |       |       |     7 |     5 |       |       |       ||    12
         Fugue of the Fall |       |       |       |       |     2 |     5 |     3 |     5 |     6 ||    21
         Curse of Agony    |       |       |       |       |       |     7 |       |       |     2 ||     9
         Manifold Assault  |       |       |       |       |       |   212 |   544 |   141 |       ||   897
         Spellforged Servi |       |       |       |       |       |       |     5 |    36 |    84 ||   125
         Malign Gateway    |       |       |       |       |       |       |     2 |    25 |    87 ||   114
         Blink             |       |       |       |       |       |       |       |    11 |     1 ||    12
         Sublimation of Bl |       |       |       |       |       |       |       |     2 |       ||     2
         Sculpt Simulacrum |       |       |       |       |       |       |       |    12 |     9 ||    21
         Martyr's Knell    |       |       |       |       |       |       |       |     9 |    10 ||    19
         Polar Vortex      |       |       |       |       |       |       |       |       |   189 ||   189
 Invoke: Curse Item        |       |       |     5 |       |     2 |     6 |     1 |     3 |     4 ||    21
         Shatter the Chain |       |       |       |     1 |       |     4 |     1 |     4 |     3 ||    13
  Evoke: Wand              |       |       |     9 |    16 |    28 |     6 |     5 |     2 |     9 ||    75
         Phial of floods   |       |       |       |       |     1 |     2 |       |     1 |     2 ||     6
         Lightning rod     |       |       |       |       |       |     8 |       |     4 |     4 ||    16
         Sack of spiders   |       |       |       |       |       |     1 |     1 |     3 |     3 ||     8
         Tin of tremorston |       |       |       |       |       |       |       |     2 |     2 ||     4
         Phantom mirror    |       |       |       |       |       |       |       |       |     5 ||     5
    Use: Scroll            |     5 |     2 |       |     2 |     9 |    10 |     3 |     7 |    48 ||    86
         Potion            |       |       |     3 |     3 |     1 |     4 |     3 |     8 |    40 ||    62
   Stab: Paralysed         |       |       |     6 |    10 |     5 |       |       |       |     2 ||    23
         Sleeping          |       |       |     1 |       |     2 |     2 |     3 |       |     4 ||    12
         Distracted        |       |       |       |     1 |     8 |    13 |     8 |     9 |    24 ||    63
         Petrified         |       |       |       |       |     1 |       |       |       |     6 ||     7
         Confused          |       |       |       |       |       |       |       |       |     9 ||     9
         Invisible         |       |       |       |       |       |       |       |       |     2 ||     2
         Petrifying        |       |       |       |       |       |       |       |       |     1 ||     1
 Armour: Robe              |    26 |    36 |   120 |    57 |       |       |       |       |       ||   239
         Steam dragon scal |       |       |       |   270 |   697 |   574 |   424 |   323 |       ||  2288
         Quicksilver drago |       |       |       |       |       |       |       |   135 |  2733 ||  2868
         Skin              |       |       |       |       |       |       |       |       |     1 ||     1
  Dodge: Dodged            |    14 |    19 |    53 |   186 |   385 |   306 |   182 |   199 |  1700 ||  3044
  Block: Tower shield      |       |       |       |       |       |   488 |   667 |   124 |       ||  1279
         Reflection        |       |       |       |       |       |    66 |    56 |     4 |       ||   126
         Kite shield       |       |       |       |       |       |       |       |   336 |  3262 ||  3598
   Form: Death             |       |       |       |       |       |       |       |       |     6 ||     6
                           |       |       |       |       |       |       |       |       |     5 ||     5

Levels and vault maps discovered:
D:1:      psy_arrival_basics, layout_basic, grunt_decor_junction
D:2:      layout_loops_corners, basic_altar, hangedman_glass_teeth,
          grunt_ministairs_1, minmay_distorted, uniq_crazy_yiuf_cottage
D:3:      layout_loops_ring, nicolae_overflow_ecumenical_swirl
D:4:      layout_basic, mainiacjoe_overflow_surrounded_room
D:5:      nicolae_cairo_tiling, layout_basic, minmay_temple_entry_grid,
          uniq_duvessa, uniq_edmund
D:6:      layout_loops_ring, uniq_blork_the_orc
D:7:      layout_basic, old_standard_altar, billiards_dpeg
D:8:      layout_loops_ring, lemuel_crystal_altar, kennysheep_little_box
D:9:      layout_roguey [special_room_orc], lemuel_crystal_altar,
          old_standard_altar, kennysheep_mini, orc_0_dummy,
          nicolae_wooded_promenade
D:10:     wad_crossroads, layout_long_grid, kennysheep_mini_moat,
          kennysheep_slug_shrine, gammafunk_temple_overflow_forgotten,
          erik_lair_orcish_takeover, serial_shops, nicolae_shop_waterfront
D:11:     gammafunk_mikee_crab_dinner, layout_rooms, serial_shops,
          nicolae_shop_gaudy_bauble
D:12:     layout_irregular_city, serial_shops, shop, feat_on_display,
          uniq_jorgrun
D:13:     layout_rooms, hellmonk_vaults_order_and_chaos
D:14:     thingy_vault, layout_long_grid, nicolae_elevator_lobby_plus,
          uniq_josephine
D:15:     grunt_enter_depths_hoard, layout_long_grid, minmay_misc_feat_encased,
          serial_ice, serial_ice_n, serial_ice_k, serial_ice_m, serial_ice_a,
          serial_ice_e, grunt_qazlal_sundering, uniq_louise
Temple:   nicolae_temple_figure_zero
Lair:1:   layout_gridlike
Lair:2:   layout_loops_ring, elwin_shoals_entry_rooms
Lair:3:   layout_chaotic_city, nicolae_snake_entry_squirm, serial_rivers,
          chequers_serial_rivers_marsh, chequers_serial_rivers_micro_d,
          chequers_serial_rivers_micro_a, chequers_serial_rivers_room_b,
          chequers_serial_rivers_room_b, chequers_serial_rivers_micro_c,
          lemuel_fruit_tree, infiniplex_staircase_pool
Lair:4:   layout_regular_city, slime_entry_2, gauntlet_entry_generic,
          serial_bayou_shore_a
Lair:5:   gammafunk_lair_ancient_temple, layout_loops_ring, minivault_24
Shoals:1: layout_shoals, nicolae_shoals_aquamancer_cove, uniq_frances
Shoals:2: layout_shoals, lemuel_oklob_altar
Shoals:3: layout_shoals, serial_shops, shop, lightli_airlock, uniq_donald
Shoals:4: shoals_end_grunt_ice, layout_shoals, shoals_ilsuiw_alternative,
          nicolae_shoals_dead_sea_scrolls
Snake:1:  layout_onion, grunt_ministairs_7, hangedman_snake_sidewinding
Snake:2:  layout_misc_corridors, gammafunk_ghost_cemetery
Snake:3:  layout_chambers, minmay_shop_grid_forest
Snake:4:  grunt_snake_rune_pools, layout_cave_town, uniq_vashnia
Slime:1:  layout_caves
Slime:2:  layout_caves, nicolae_slime_welcoming_committee
Slime:3:  layout_caves
Slime:4:  layout_caves
Slime:5:  slime_pit_nicolae_trefoil
Orc:1:    lemuel_ogre_cave, layout_caves, mines4_lemuel
Orc:2:    kennysheep_orc_mage_school, layout_caves, serial_shops,
          nicolae_shop_tiny_statue_garden, shop, shop, nicolae_orc_stony_grotto,
          uniq_urug
Elf:1:    nicolae_elf_arrival_aired_out, layout_rooms,
          minmay_elf_crystal_hexagon, nicolae_shop_i_like_big_books,
          moated_statue, chequers_big_river
Elf:2:    nicolae_elf_blades_crystal_corner, layout_geoelf_grid, st_stairs_4
Elf:3:    grunt_elf_hall_asides, layout_rooms, nicolae_trove_entry_isolated,
          basic_altar, minivault_25_ag
Vaults:1: nicolae_vaults_tetromino_Z_1, nicolae_vaults_trapezoid_3,
          grunt_vaults_hallway_long, nicolae_vaults_little_squares_1,
          nicolae_vaults_trapezoid_lopsided_1, nicolae_vaults_closet_pinwheel_1,
          nicolae_vaults_frosty_reception, v_misc_5, nicolae_vaults_trapezoid_3,
          hangedman_vaults_stitches, vaults_standard_mumra_lines,
          grunt_vaults_funnel, v_misc_13, layout_vaults_maze_bifur, uniq_boris
Vaults:2: minmay_crypt_entry_simple_box, v_pattern_5,
          nicolae_vaults_security_offices_6, ontoclasm_vaults_loading_screen,
          ontoclasm_vaults_gateway, nicolae_vaults_ring_of_whatevers,
          nicolae_vaults_closet_pinwheel_2, vaults_room_octagon,
          nicolae_vaults_triangles, vaults_room_door_hall, v_misc_28,
          nicolae_vaults_stepped_doors, nicolae_vaults_storage_room_statues,
          layout_vaults_ring, serial_shops, nicolae_shop_mannequins
Vaults:3: v_rooms_5, v_pattern_3, nicolae_vaults_house_3,
          nicolae_vaults_mitosis, nicolae_vaults_bisected_exclaves,
          grunt_vaults_hallway_long, vaults_mumra_chevron_long,
          vaults_room_boxed, nicolae_vaults_tetromino_L_2,
          hangedman_vaults_maws, nicolae_vaults_tetromino_T_1,
          layout_vaults_omnicross, serial_shops, bzr_entry_safe
Vaults:4: hangedman_vaults_stretched_pinwheel, nicolae_vaults_tangram_2,
          nicolae_vaults_steering_wheel, nicolae_vaults_specimen_jars,
          ontoclasm_vaults_gallery, vaults_mumra_hexcomb,
          nicolae_vaults_trapezoid_lopsided_3,
          nicolae_vaults_heart-shaped_vault, layout_vaults_omnigrid
Vaults:5
Crypt:1:  layout_misc_corridors, corner_web_ring, grunt_ministairs_7,
          grunt_megastairs_4, roderic_lattice_octagonal_star,
          grunt_crypt_arrival_split
Crypt:2:  layout_chaotic_city, lemuel_elevator
Crypt:3:  due_elkab, layout_chaotic_city, serial_library_regret_index_closets,
          wad_floor_pattern_untrapped, hangedman_blasphemy
Tomb:1
Tomb:2
Tomb:3
Depths:1: layout_forbidden_donut, kiku_gazebo_garden_becter,
          nicolae_hell_entry_hellmouth_sunbeams,
          minmay_checkered_concentric_circles, uniq_mara, uniq_aizul
Depths:2: bobbens_index_wilting_gardens, layout_small_grid, enter_ziggurat_b,
          pan_entry, chequers_serial_rivers_small_a, pf_coc_iceberg
Depths:3: minmay_quantized_circle, layout_cave_pools, abyss_entry, hell_entry,
          rand_demon_pan_entry_4, chequers_serial_rivers_small_a,
          nicolae_shop_unique_rings, elyvilon_altar_5, uniq_margery
Depths:4: lemuel_castle_with_subvaults [lemuel_castle_interior_carwin_2],
          layout_gridlike, hell_entry, serial_shops, bzr_entry_road,
          nicolae_concentric_dashed_squares_wild, hangedman_abyss_entry_splay,
          minmay_shop_grove
Hell
Dis:1:    layout_regular_city
Dis:2:    nicolae_dis_pentagon_2, layout_subdivisions
Dis:3:    layout_regular_city, nicolae_hells_hurtin_island
Dis:4:    layout_subdivisions, nicolae_dis_liches_on_tour
Dis:5:    layout_jigsaw, nicolae_dis_scattering
Dis:6:    layout_subdivisions
Dis:7:    dis_grunt_layers
Geh:1:    layout_gehenna_pools_triple
Geh:2:    layout_gehenna_pools_box
Geh:3:    layout_gehenna_pools_basic
Geh:4:    layout_gehenna_pools_triple
Geh:5:    layout_gehenna_pools_box
Geh:6:    layout_gehenna_pools_box, nicolae_geh_lava_rosette
Geh:7:    geh_mu
Coc:1:    layout_ice_bergs
Coc:2:    nicolae_coc_on_the_berg
Coc:3:    layout_cocytus_delve
Coc:4:    layout_cocytus_delve
Coc:5:    layout_cocytus_delve
Coc:6:    layout_cocytus_delve, nicolae_coc_kraken_the_ice
Coc:7:    coc_grunt_cove [coc_grunt_cove_antaeus, coc_grunt_cove_fiend,
          coc_grunt_cove_fiend, coc_grunt_cove_fiend, coc_grunt_cove_fiend]
Tar:1:    nicolae_hells_demon_pit, layout_cathedral_of_symmetry,
          nicolae_tar_cuneiform_two
Tar:2:    layout_grid_maze
Tar:3:    layout_catacombs, nicolae_tar_cuneiform_water
Tar:4:    nicolae_tar_intersect_combbox, layout_cathedral_of_symmetry
Tar:5:    layout_catacombs
Tar:6:    layout_catacombs, nicolae_tar_honey_rotating
Tar:7:    tar_grunt_cathedral
Zot:1:    layout_basic
Zot:2:    layout_onion_interference, regret_index_zotdec_banners
Zot:3:    grunt_zot_stairs_mandelzot, layout_misc_corridors, grunt_ministairs_9
Zot:4:    layout_gridlike, grunt_megastairs_2, uniq_grunn
Zot:5:    layout_gridlike

Notes
Turn   | Place    | Note
-------+----------+-------------------------------------------
     0 | D:1      | MackTheKnife the Oni Conjurer began the quest for the Orb.
     0 | D:1      | Reached XP level 1. HP: 16/16 MP: 3/3
     0 | D:1      | magus.rc [v1.9.6]
   176 | D:1      | Reached skill level 1 in Fighting
   251 | D:1      | Reached XP level 2. HP: 27/27 MP: 3/5
   256 | D:1      | Learned a level 2 spell: Searing Ray
   409 | D:1      | Reached skill level 3 in Spellcasting
   468 | D:1      | Reached skill level 2 in Fighting
   667 | D:1      | Reached XP level 3. HP: 35/35 MP: 3/7
  1759 | D:2      | Reached skill level 3 in Fighting
  1887 | D:2      | Identified the +3 dagger of Deformation {heavy, rN+ SInv}
  2018 | D:2      | Reached XP level 4. HP: 45/45 MP: 3/9
  2161 | D:2      | Reached skill level 4 in Spellcasting
  2269 | D:2      | Reached skill level 4 in Fighting
  2730 | D:2      | Found a burning altar of Makhleb.
  2791 | D:2      | You pick up a book of Necromancy and begin reading...
  2791 | D:2      | You add the spells Necrotise, Vampiric Draining and Agony
                  | to your library.
  2835 | D:2      | Reached XP level 5. HP: 50/55 MP: 2/11
  2971 | D:2      | Found a runed translucent door.
  2972 | D:2      | Noticed Crazy Yiuf
  3086 | D:3      | Identified the +0 pair of boots of the Unbroken {rF+}
  3102 | D:3      | Found a faded altar of an unknown god.
  3105 | D:3      | Found a broken altar of Ashenzari.
  3492 | D:3      | Reached skill level 5 in Fighting
  3965 | D:4      | Found a shadowy altar of Dithmenos.
  4343 | D:4      | Reached skill level 6 in Fighting
  4411 | D:4      | You are sucked into a shaft and drop 2 floors!
  4462 | D:6      | Reached XP level 6. HP: 67/67 MP: 7/12
  4552 | D:5      | Entered Level 5 of the Dungeon
  4592 | D:4      | Reached skill level 4 in Conjurations
  4740 | D:4      | Reached skill level 5 in Spellcasting
  4837 | D:4      | You pick up a book of Cantrips and begin reading...
  4837 | D:4      | You add the spells Sting, Summon Small Mammal and
                  | Apportation to your library.
  5141 | D:4      | Reached skill level 7 in Fighting
  5141 | D:4      | Reached XP level 7. HP: 78/78 MP: 8/14
  5169 | D:3      | Became a worshipper of Ashenzari the Shackled
  5275 | D:5      | Noticed Duvessa
  5275 | D:5      | Noticed Dowan
  5419 | D:5      | Learned a level 4 spell: Fulminant Prism
  5536 | D:5      | Noticed Edmund
  5848 | D:5      | Killed Dowan
  5864 | D:5      | Reached skill level 1 in Alchemy
  6038 | D:5      | Killed Edmund
  6039 | D:5      | Reached skill level 8 in Fighting
  6147 | D:5      | Reached skill level 5 in Conjurations
  6147 | D:5      | Reached skill level 2 in Alchemy
  6147 | D:5      | Reached XP level 8. HP: 88/88 MP: 6/15
  6343 | D:5      | Found a staircase to the Ecumenical Temple.
  6566 | D:5      | Reached skill level 3 in Alchemy
  6689 | D:5      | Killed Duvessa
  6942 | Temple   | Entered the Ecumenical Temple
  7115 | D:6      | Noticed Blork the orc
  7125 | D:6      | Killed Blork the orc
  7422 | D:6      | Reached * piety under Ashenzari
  7739 | D:7      | Found a sacrificial altar of Ru.
  7753 | D:7      | Reached skill level 6 in Conjurations
  7753 | D:7      | Reached skill level 4 in Alchemy
  7823 | D:7      | Reached skill level 1 in Evocations
  8242 | D:7      | Reached XP level 9. HP: 96/96 MP: 9/16
  8242 | D:7      | Reached ** piety under Ashenzari
  8349 | D:7      | Reached skill level 2 in Evocations
  8935 | D:8      | Found a glowing silver altar of Zin.
  8996 | D:8      | Reached *** piety under Ashenzari
  9184 | D:8      | Reached skill level 9 in Fighting
  9184 | D:8      | Reached skill level 6 in Spellcasting
  9478 | D:8      | HP: 22/105 [orc warrior/+0 long sword (5)]
  9492 | D:8      | Reached skill level 7 in Spellcasting
  9673 | D:8      | Reached skill level 10 in Fighting
  9693 | D:8      | Found a sparkling altar of Nemelex Xobeh.
 10058 | D:8      | Paralysed by an orc wizard for 5 turns
 10164 | D:8      | Learned a level 4 spell: Iskenderun's Mystic Blast
 10209 | D:9      | Reached skill level 1 in Translocations
 10348 | D:9      | Reached **** piety under Ashenzari
 10476 | D:9      | Found Weylu's General Store.
 10476 | D:9      | Found Coemp's Jewellery Shop.
 10522 | D:9      | Noticed a two-headed ogre
 10535 | D:9      | Killed a two-headed ogre
 10536 | D:9      | Reached skill level 8 in Spellcasting
 10536 | D:9      | Reached skill level 2 in Translocations
 10536 | D:9      | Reached XP level 10. HP: 119/119 MP: 13/24
 10545 | D:9      | Noticed a two-headed ogre
 10557 | D:9      | Killed a two-headed ogre
 10558 | D:9      | Reached skill level 11 in Fighting
 10558 | D:9      | Reached skill level 3 in Translocations
 10737 | D:9      | Reached skill level 4 in Translocations
 10743 | D:9      | Reached skill level 9 in Spellcasting
 11005 | D:9      | Found a staircase to the Orcish Mines.
 11037 | D:9      | Found a bloodstained altar of Trog.
 11095 | D:9      | Reached skill level 12 in Fighting
 12003 | D:9      | Found an ornate altar of the Wu Jian Council.
 12146 | D:9      | Found an ancient bone altar of Kikubaaqudgha.
 12321 | D:9      | Paralysed by a hornet for 2 turns
 12323 | D:9      | Reached XP level 11. HP: 116/131 MP: 13/26
 12418 | D:10     | Entered Level 10 of the Dungeon
 12628 | D:10     | Reached skill level 13 in Fighting
 12697 | D:10     | Found Todgheny's Antique Weapon Shoppe.
 12816 | D:10     | You pick up a book of Unlife and begin reading...
 12816 | D:10     | You add the spells Animate Dead, Borgnjor's Vile Clutch and
                  | Death Channel to your library.
 12840 | D:9      | Learned a level 4 spell: Animate Dead
 12871 | D:10     | Reached skill level 1 in Necromancy
 12974 | D:10     | Found a staircase to the Lair.
 12992 | D:10     | Reached skill level 2 in Necromancy
 13368 | D:10     | Reached skill level 3 in Necromancy
 13643 | D:10     | Found a stormy altar of Qazlal.
 13778 | D:10     | Reached skill level 4 in Necromancy
 13803 | D:10     | Found a basalt altar of Yredelemnul.
 13803 | D:10     | Found a radiant altar of Vehumet.
 13804 | D:10     | Found a glowing golden altar of the Shining One.
 13856 | D:10     | Found a snail-covered altar of Cheibriados.
 13992 | D:10     | magus.rc [v1.9.6]
 14179 | Lair:1   | Entered Level 1 of the Lair of Beasts
 14208 | Lair:1   | Reached skill level 5 in Necromancy
 14233 | Lair:1   | HP: 20/132 [torpor snail (15)]
 14238 | Lair:1   | Reached skill level 6 in Necromancy
 14242 | Lair:1   | HP: 24/132 [rime drake/icy flash freeze (21)]
 14482 | D:10     | Learned a level 5 spell: Borgnjor's Vile Clutch
 14510 | Lair:1   | Reached skill level 1 in Earth Magic
 14717 | Lair:1   | Reached skill level 2 in Earth Magic
 14890 | Lair:1   | Reached skill level 3 in Earth Magic
 14901 | Lair:1   | Reached skill level 4 in Earth Magic
 15004 | Lair:1   | Reached XP level 12. HP: 143/143 MP: 11/28
 15228 | Lair:1   | Reached skill level 5 in Earth Magic
 16082 | Lair:2   | Reached skill level 6 in Earth Magic
 16107 | Lair:2   | Reached skill level 7 in Earth Magic
 16390 | Lair:2   | You pick up a book of Air and begin reading...
 16390 | Lair:2   | You add the spells Shock, Swiftness and Airstrike to your
                  | library.
 16491 | Lair:2   | Identified the +1 leather armour of Jammyad {Rampage}
 16602 | Lair:2   | Reached skill level 1 in Short Blades
 17004 | Lair:2   | Reached skill level 2 in Short Blades
 17247 | Lair:2   | Reached skill level 3 in Short Blades
 17287 | Lair:2   | Found a staircase to the Shoals.
 17765 | Lair:3   | Reached skill level 4 in Short Blades
 17985 | Lair:3   | Reached skill level 2 in Dodging
 17991 | Lair:3   | Reached skill level 3 in Dodging
 18014 | Lair:3   | Reached skill level 4 in Dodging
 18022 | Lair:3   | Reached skill level 1 in Armour
 18394 | Lair:3   | Reached skill level 2 in Armour
 18578 | Lair:3   | Found a staircase to the Snake Pit.
 18581 | Lair:3   | Reached skill level 3 in Armour
 18898 | Lair:3   | Noticed a seven-headed hydra
 18912 | Lair:3   | Killed a seven-headed hydra
 18913 | Lair:3   | Reached skill level 4 in Armour
 18913 | Lair:3   | Reached skill level 2 in Stealth
 18913 | Lair:3   | Reached XP level 13. HP: 150/150 MP: 20/29
 19035 | Lair:4   | Reached skill level 3 in Stealth
 19040 | Lair:4   | Reached skill level 10 in Spellcasting
 19044 | Lair:4   | Found a gate leading to a gauntlet.
 19049 | Gauntlet | Entered a Gauntlet
 19049 | Gauntlet | Found a transporter.
 19064 | Gauntlet | Found a transporter.
 19085 | Gauntlet | Found a transporter.
 19106 | Gauntlet | Found a transporter.
 19119 | Gauntlet | Found a transporter.
 19121 | Gauntlet | Identified the +0 hat of the World {SInv}
 19132 | Gauntlet | Found a transporter.
 19157 | Gauntlet | Identified the +1 hat of the End {rF+ Str+3 Dex+3}
 19161 | Gauntlet | Found a transporter.
 19161 | Gauntlet | Found a transporter.
 19166 | Gauntlet | Found a transporter.
 19189 | Gauntlet | Found a transporter.
 19193 | Gauntlet | Found a transporter.
 19197 | Gauntlet | Found a runed translucent door.
 19219 | Gauntlet | Found the ring of the Mage {Wiz Archmagi}
 19220 | Gauntlet | Found a transporter.
 19229 | Gauntlet | Found a runed translucent door.
 19339 | Gauntlet | Identified the staff of Gluttony {rN+ Str+2 Necro}
 19339 | Gauntlet | Noticed a minotaur
 19348 | Gauntlet | Killed a minotaur
 19491 | Gauntlet | Learned a level 3 spell: Vampiric Draining
 19806 | Lair:4   | magus.rc [v1.9.6]
 19834 | Lair:4   | Reached skill level 14 in Fighting
 20238 | Lair:4   | Found a runed translucent door.
 20239 | Lair:4   | Noticed an acid blob
 20241 | Lair:4   | Found a staircase to the Slime Pits.
 20342 | Lair:4   | Reached skill level 11 in Spellcasting
 20775 | Lair:4   | Reached skill level 15 in Fighting
 21023 | Lair:5   | Entered Level 5 of the Lair of Beasts
 21057 | Lair:5   | Paralysed by a hornet for 3 turns
 21285 | Lair:5   | Identified the +0 scale mail of Egananaa {Slay+2}
 21307 | Lair:5   | Reached skill level 12 in Spellcasting
 21745 | Lair:5   | Reached XP level 14. HP: 114/170 MP: 12/33
 21951 | Lair:5   | Reached skill level 16 in Fighting
 22208 | Lair:5   | Reached skill level 13 in Spellcasting
 22328 | Lair:5   | Noticed a dire elephant
 22340 | Lair:5   | Killed a dire elephant
 22589 | Lair:5   | Reached skill level 17 in Fighting
 22913 | Lair:5   | Reached skill level 14 in Spellcasting
 23454 | Orc:1    | Entered Level 1 of the Orcish Mines
 23462 | Orc:1    | Learned a level 6 spell: Death Channel
 23493 | Orc:1    | Reached skill level 7 in Necromancy
 23945 | Orc:2    | Entered Level 2 of the Orcish Mines
 23966 | Orc:2    | Found Atwue's Distillery.
 23974 | Orc:2    | Bought 2 potions of curing for 84 gold pieces
 23974 | Orc:2    | Bought a potion of curing for 42 gold pieces
 24025 | Orc:2    | Reached ***** piety under Ashenzari
 24034 | Orc:2    | Found Hitsuik's Antique Weapon Shop.
 24497 | Orc:2    | Found a staircase to the Elven Halls.
 24499 | Orc:2    | Found Hygemex's Assorted Antiques.
 24507 | Orc:2    | Bought a glowing wooden ring for 140 gold pieces
 24507 | Orc:2    | Bought a scroll of blinking for 210 gold pieces
 24615 | Orc:2    | Paralysed by an ogre mage for 5 turns
 24631 | Orc:2    | Reached skill level 8 in Necromancy
 25250 | Orc:2    | Found Doduoloth's Antique Weapon Emporium.
 25326 | Orc:2    | Found an ancient bone altar of Kikubaaqudgha.
 25328 | Orc:2    | Noticed Nergalle
 25354 | Orc:2    | Killed Nergalle
 25355 | Orc:2    | Reached skill level 9 in Necromancy
 25361 | Orc:2    | Found Kudiciomm's Book Shoppe.
 25380 | Orc:2    | Reached XP level 15. HP: 166/187 MP: 31/37
 25385 | Orc:2    | Found a radiant altar of Vehumet.
 25414 | Orc:2    | Found Lavann's Antique Weapon Shoppe.
 25453 | Orc:2    | Noticed Urug
 25473 | Orc:2    | Killed Urug
 25475 | Orc:2    | Found Paupilae's Distillery.
 25556 | Orc:2    | Bought a potion of heal wounds for 80 gold pieces
 25650 | Orc:2    | Bought a crude demon blade for 640 gold pieces
 25650 | Orc:2    | Identified the +2 demon blade of Conscience {flame, Str+6
                  | Int+3} (You bought it in a shop on level 2 of the Orcish
                  | Mines)
 26141 | Orc:1    | Reached skill level 10 in Necromancy
 26160 | Orc:1    | You pick up a book of Conjurations {@e2} and begin
                  | reading...
 26927 | Orc:2    | Bought a book of Battle for 364 gold pieces
 26927 | Orc:2    | You pick up a book of Battle and begin reading...
 26927 | Orc:2    | You add the spells Fugue of the Fallen, Ozocubu's Armour
                  | and Manifold Assault to your library.
 26931 | Orc:2    | Learned a level 3 spell: Fugue of the Fallen
 27119 | D:11     | magus.rc [v1.9.6]
 27173 | D:11     | magus.rc [v1.9.6]
 27192 | D:11     | Reached skill level 3 in Evocations
 27624 | D:11     | Found Coigoif's Jewellery Boutique.
 28115 | D:11     | Found a runed translucent door.
 28186 | D:11     | Reached skill level 4 in Evocations
 28677 | D:11     | Reached skill level 5 in Evocations
 29433 | D:12     | Reached skill level 6 in Evocations
 29822 | D:12     | Noticed Jorgrun
 29833 | D:12     | Killed Jorgrun
 29962 | D:12     | Found Opleodur's Armour Boutique.
 30402 | D:12     | HP: 33/187 [large slime creature (21)]
 30402 | D:12     | HP: 7/187 [large slime creature (26)]
 31356 | Snake:1  | Entered Level 1 of the Snake Pit
 31485 | D:12     | Reached skill level 5 in Dodging
 31746 | D:13     | Identified +0 gold dragon scales
 31782 | D:13     | T - +0 gold dragon scales {rare}
 31951 | D:13     | Found a gate to the Vaults.
 31960 | D:13     | Reached XP level 16. HP: 154/198 MP: 33/38
 32571 | D:14     | Noticed a tengu reaver
 32577 | D:14     | Killed a tengu reaver
 32578 | D:14     | Reached skill level 18 in Fighting
 32937 | D:14     | Noticed a tengu reaver
 33454 | D:14     | Noticed Josephine
 33500 | D:14     | Killed Josephine
 33969 | D:14     | Reached skill level 15 in Spellcasting
 34291 | D:14     | Noticed a shadow dragon
 34299 | D:14     | Killed a shadow dragon
 34450 | D:14     | Killed a tengu reaver
 34546 | D:15     | Entered Level 15 of the Dungeon
 34697 | D:15     | Reached skill level 19 in Fighting
 34787 | D:15     | magus.rc [v1.9.6]
 34792 | D:15     | Identified the +6 scale mail of Kindness {Regen+ Str+4}
 35152 | D:15     | Found a stormy altar of Qazlal.
 35226 | D:15     | HP: 47/204 [poisoned by a meliai]
 35894 | D:15     | Noticed Louise
 35964 | D:15     | Reached skill level 1 in Shields
 36096 | D:15     | Found a staircase to the Depths.
 36210 | D:15     | Killed Louise
 36211 | D:15     | Reached skill level 2 in Shields
 36230 | D:15     | You pick up a book of Spatial Translocations and begin
                  | reading...
 36230 | D:15     | You add the spells Blink, Momentum Strike and Lesser
                  | Beckoning to your library.
 36437 | Lair:1   | Upgraded the game from 0.31-a0-1424-g2add1c7226 to
                  | 0.31-a0-1447-g87ca8d402b
 36437 | Lair:1   | magus.rc [v1.9.6]
 36473 | D:11     | Bought the amulet "Rihaorin" {Acrobat ^Fragile rF+ Int+7
                  | Stlth-} for 723 gold pieces
 36667 | Snake:1  | Learned a level 5 spell: Curse of Agony
 36694 | Snake:1  | Reached skill level 1 in Maces & Flails
 36697 | Snake:1  | Reached skill level 3 in Shields
 36699 | Snake:1  | Reached skill level 2 in Maces & Flails
 36881 | Snake:1  | Reached skill level 3 in Maces & Flails
 36883 | Snake:1  | Reached skill level 4 in Shields
 37284 | Snake:1  | Reached skill level 4 in Maces & Flails
 37674 | Snake:1  | Reached skill level 5 in Shields
 37924 | Snake:1  | Reached XP level 17. HP: 195/208 MP: 26/39
 37929 | Snake:1  | Reached skill level 5 in Maces & Flails
 38649 | Snake:1  | Reached skill level 6 in Shields
 38711 | Snake:1  | Reached skill level 6 in Maces & Flails
 39484 | Snake:1  | Learned a level 2 spell: Blink
 39489 | Snake:1  | Learned a level 4 spell: Manifold Assault
 39869 | Snake:2  | Reached skill level 7 in Maces & Flails
 39873 | Snake:2  | Reached skill level 7 in Shields
 40262 | Snake:2  | Identified the +1 lajatang of Ubiquitous Guile {drain,
                  | Int+4 Dex+3}
 40526 | Snake:2  | Found a runed translucent gate.
 40526 | Snake:2  | Found a runed translucent gate.
 40526 | Snake:2  | Found a runed translucent gate.
 40527 | Snake:2  | Noticed Peboiloth's ghost (adept DsHu)
 40537 | Snake:2  | Noticed Sagen's ghost (adept DrCj)
 40538 | Snake:2  | Noticed Zonian's ghost (adept HOFi)
 40874 | Snake:3  | Found Uhoge's Armour Boutique.
 40877 | Snake:3  | Found Wukhliu's Weapon Boutique.
 40879 | Snake:3  | Found Luizxie's Antique Armour Boutique.
 40900 | Snake:3  | Found Aneimnoc's Armour Boutique.
 40914 | Snake:3  | Bought a runed cloak for 307 gold pieces
 41202 | Snake:3  | Reached skill level 8 in Maces & Flails
 41455 | Snake:3  | Identified the +8 trident "Boamatsa" {freeze, rC- Will-
                  | Str+3 Int+6}
 41814 | Snake:3  | Reached skill level 8 in Shields
 42408 | Snake:4  | Entered Level 4 of the Snake Pit
 42611 | Snake:4  | You pick up a book of Spectacle and begin reading...
 42611 | Snake:4  | You add the spells Volatile Blastmotes, Dazzling Flash,
                  | Starburst and Maxwell's Capacitive Coupling to your
                  | library.
 43307 | Snake:4  | Reached skill level 9 in Maces & Flails
 43408 | Snake:4  | Reached skill level 9 in Shields
 43445 | Snake:4  | Noticed Vashnia
 43470 | Snake:4  | Killed Vashnia
 43470 | Snake:4  | HP: 46/205 [naga sharpshooter/arrow[Vashnia] (14)]
 43471 | Snake:4  | Reached XP level 18. HP: 49/215 MP: 3/39
 43475 | Snake:4  | HP: 27/215 [naga sharpshooter/bolt[Vashnia] (23)]
 43480 | Snake:4  | HP: 15/215 [naga sharpshooter/bolt[Vashnia] (15)]
 43982 | Snake:4  | Reached skill level 10 in Maces & Flails
 44476 | Snake:4  | Reached skill level 10 in Shields
 44867 | Snake:4  | Got a serpentine rune of Zot
 45062 | Lair:3   | magus.rc [v1.9.6]
 45062 | Lair:3   | magus.rc [v1.9.6]
 45133 | Shoals:1 | Entered Level 1 of the Shoals
 45386 | Shoals:1 | Noticed Frances
 45402 | Shoals:1 | Killed Frances
 45403 | Shoals:1 | Reached skill level 11 in Maces & Flails
 45686 | Shoals:1 | Your ally Frances died
 47029 | Shoals:2 | Reached skill level 11 in Shields
 47221 | Shoals:2 | You pick up a book of Transmutation and begin reading...
 47221 | Shoals:2 | You add the spells Sublimation of Blood, Petrify and
                  | Irradiate to your library.
 47225 | Shoals:2 | Learned a level 2 spell: Sublimation of Blood
 47419 | Shoals:2 | Learned a level 5 spell: Irradiate
 47952 | Shoals:2 | Reached skill level 12 in Maces & Flails
 48121 | Shoals:2 | Found a glowing silver altar of Zin.
 48259 | Shoals:2 | Reached ****** piety under Ashenzari
 48552 | Shoals:2 | magus.rc [v1.9.6]
 48939 | Shoals:3 | Found a runed translucent door.
 49143 | Shoals:3 | Noticed Donald
 49150 | Shoals:3 | Killed Donald
 49220 | Shoals:3 | Found Fys Igg's Jewellery Shop.
 49303 | Shoals:3 | Reached skill level 12 in Shields
 49309 | Shoals:3 | Reached XP level 19. HP: 159/228 MP: 13/42
 49898 | Shoals:3 | Identified the Enchiridion on Petrous Haze
 50043 | Shoals:4 | Entered Level 4 of the Shoals
 50338 | Shoals:4 | Reached skill level 13 in Shields
 50761 | Shoals:4 | Identified the +1 spear of Wyrd {vamp, Will+ Str+3 Dex-4}
 51316 | Shoals:4 | You add the spells Gell's Gravitas, Teleport Other and
                  | Dispersal to your library.
 51409 | Shoals:4 | Reached skill level 20 in Fighting
 51497 | Shoals:4 | Identified the ring "Ynefoes" {Fly rPois AC+4 Int+3}
 51545 | Shoals:4 | Got a barnacled rune of Zot
 52394 | Shoals:4 | Noticed Ilsuiw
 52406 | Shoals:4 | Killed Ilsuiw
 53025 | D:13     | magus.rc [v1.9.6]
 53027 | Vaults:1 | Entered Level 1 of the Vaults
 53032 | Vaults:1 | magus.rc [v1.9.6]
 53565 | Vaults:1 | Reached skill level 21 in Fighting
 53722 | Vaults:1 | You add the spells Mercury Vapours and Olgreb's Toxic
                  | Radiance to your library.
 54636 | Vaults:1 | Noticed Boris
 54828 | Vaults:1 | Killed Boris
 54829 | Vaults:1 | Reached skill level 22 in Fighting
 55180 | Vaults:1 | Reached XP level 20. HP: 129/254 MP: 3/44
 55399 | Vaults:1 | magus.rc [v1.9.6]
 55688 | Vaults:2 | Found a staircase to the Crypt.
 55728 | Vaults:2 | Reached skill level 1 in Summonings
 55828 | Vaults:2 | Reached skill level 2 in Summonings
 56089 | Vaults:2 | Reached skill level 3 in Summonings
 56096 | Vaults:2 | Reached skill level 4 in Summonings
 56416 | Vaults:2 | Found Cuotore's Book Boutique.
 56546 | Vaults:2 | Reached skill level 5 in Summonings
 57036 | Vaults:2 | Reached skill level 6 in Summonings
 57179 | Vaults:2 | You pick up a book of Weapons and begin reading...
 57179 | Vaults:2 | You add the spells Tukima's Dance and Dimensional Bullseye
                  | to your library.
 57480 | Vaults:2 | Reached skill level 7 in Summonings
 58250 | Vaults:2 | Bought a Grand Grimoire for 578 gold pieces
 58250 | Vaults:2 | You add the spells Malign Gateway and Summon Horrible
                  | Things to your library.
 58258 | Vaults:2 | Learned a level 7 spell: Malign Gateway
 58329 | Vaults:3 | Found a flickering gateway to a bazaar.
 58335 | Bazaar   | Entered a bazaar
 58335 | Bazaar   | Found Zyvoduh's Armour Shoppe.
 58335 | Bazaar   | Found Offuciat's Antique Weapon Emporium.
 58337 | Bazaar   | Found Raojat's Weapon Shoppe.
 58353 | Bazaar   | Found Anlepaoph's Assorted Antiques.
 58412 | Vaults:3 | Reached skill level 5 in Translocations
 58771 | Vaults:3 | Reached skill level 8 in Summonings
 58918 | Vaults:3 | Reached skill level 6 in Translocations
 59787 | Vaults:3 | Reached skill level 9 in Summonings
 59788 | Vaults:3 | Reached skill level 7 in Translocations
 60176 | Vaults:3 | Reached XP level 21. HP: 243/265 MP: 3/45
 61012 | Vaults:3 | magus.rc [v1.9.6]
 61081 | Vaults:3 | Reached skill level 8 in Translocations
 61325 | Vaults:3 | Reached skill level 10 in Summonings
 62021 | Vaults:4 | Identified the +1 robe "Xeownusk" {Str+2}
 62167 | Vaults:4 | Reached skill level 9 in Translocations
 62603 | Vaults:4 | Noticed a dread lich
 63064 | Vaults:4 | You pick up a book of Lightning and begin reading...
 63064 | Vaults:4 | You add the spells Vhi's Electric Charge, Arcjolt and
                  | Plasma Beam to your library.
 63679 | Orc:2    | Bought a book of Dangerous Friends for 588 gold pieces
 63679 | Orc:2    | You pick up a book of Dangerous Friends and begin
                  | reading...
 63679 | Orc:2    | You add the spells Summon Blazeheart Golem, Orb of
                  | Destruction and Spellforged Servitor to your library.
 63687 | Orc:2    | Learned a level 7 spell: Spellforged Servitor
 63835 | D:7      | Learned a level 6 spell: Plasma Beam
 63956 | Elf:1    | Entered Level 1 of the Elven Halls
 63970 | Elf:1    | Reached skill level 1 in Fire Magic
 63970 | Elf:1    | Reached skill level 1 in Air Magic
 64272 | Elf:1    | Reached skill level 2 in Fire Magic
 64272 | Elf:1    | Reached skill level 2 in Air Magic
 64669 | Elf:1    | Reached skill level 3 in Fire Magic
 64669 | Elf:1    | Reached skill level 3 in Air Magic
 65259 | Elf:1    | Found Urphyeggu's Tremendous Tomes.
 65890 | Elf:2    | Reached skill level 13 in Maces & Flails
 65892 | Elf:2    | Reached skill level 7 in Conjurations
 66562 | Elf:2    | Reached skill level 6 in Dodging
 66660 | Elf:2    | Found a runed translucent gate.
 66661 | Elf:2    | Found a runed translucent gate.
 66661 | Elf:2    | Found a runed translucent gate.
 66687 | Elf:2    | Reached XP level 22. HP: 255/275 MP: 12/46
 66974 | Elf:2    | Reached skill level 5 in Armour
 67286 | Elf:2    | Reached skill level 7 in Dodging
 67717 | Elf:3    | Entered Level 3 of the Elven Halls
 67847 | Elf:3    | You pick up a book of the Wilderness and begin reading...
 67847 | Elf:3    | You add the spells Summon Forest, Summon Mana Viper and
                  | Summon Cactus Giant to your library.
 67901 | Elf:3    | Reached skill level 6 in Armour
 68097 | Elf:3    | Found an ancient bone altar of Kikubaaqudgha.
 68205 | Elf:3    | Paralysed by an air elemental for 1 turns
 68318 | Elf:3    | Found a portal to a secret trove of treasure.
 68392 | Elf:3    | You paid a toll of 8 scrolls of fear to enter a treasure
                  | trove
 68393 | Trove    | Entered a treasure trove
 68405 | Trove    | Identified the ring "Hait" {rC+ rN+}
 68405 | Trove    | Identified the ring "Biwutoif" {Fly Will- rCorr Int+6
                  | Dex+6}
 68406 | Trove    | Identified Sif Muna's Precepts of Charming Necromancy
 68421 | Trove    | You pick up a book of Air and begin reading...
 68423 | Trove    | You add the spells Jinxbite, Cigotuvi's Dreadful Rot, Cause
                  | Fear, Haunt and Borgnjor's Revivification to your library.
 68425 | Trove    | You pick up a book of Iron and begin reading...
 68425 | Trove    | You add the spells Summon Lightning Spire, Animate Armour
                  | and Lee's Rapid Deconstruction to your library.
 68427 | Trove    | You add the spells Passage of Golubria and Yara's Violent
                  | Unravelling to your library.
 68964 | Elf:3    | Reached skill level 7 in Armour
 68974 | Elf:3    | Identified the +2 ring mail "Mafuf" {-Cast Dex+4}
 68982 | Elf:3    | Identified the +5 battleaxe "Xitseduu" {chaos, rN+ Str+2
                  | Stlth+}
 68983 | Elf:3    | Identified the amulet of Jealousy {Faith rF- rC+ Str+5}
 68985 | Elf:3    | Reached skill level 8 in Armour
 69157 | Elf:3    | Identified the ring of Jasokk {SInv Stlth+}
 69157 | Elf:3    | a deep elf sorcerer comes into view. It is wielding the +8
                  | mithril axe "Arga" {speed, Will+} and wearing the ring of
                  | Jasokk {SInv Stlth+}.
 69175 | Elf:3    | Reached skill level 1 in Axes
 69308 | Elf:3    | Identified the +1 robe "Qufuraerch" {Str+4 Archmagi}
 69406 | Elf:3    | Identified the staff of the Poles {rElec Ice Air}
 69408 | Elf:3    | Identified the staff "Waesytiy" {^Fragile rF++ Stlth+ Conj
                  | Fire}
 69413 | Elf:3    | Reached skill level 2 in Axes
 69464 | Elf:3    | Found the +15 Maxwell's patent armour {-Cast -Tele rElec
                  | Will+ rCorr}
 69486 | Elf:3    | Identified the amulet "Ozxec" {Acrobat rCorr}
 69487 | Elf:3    | Identified the +2 ring mail of the Secret Yaks {Str+6
                  | Int+3}
 69487 | Elf:3    | Identified the Monograph on the Unholy Jaunt
 69491 | Elf:3    | You add the spells Alistair's Intoxication and Eringya's
                  | Noxious Bog to your library.
 69508 | Elf:3    | You pick up a book of Storms and begin reading...
 69517 | Elf:3    | l - +1 storm dragon scales {rare}
 69526 | Elf:3    | You pick up a book of the Warp and begin reading...
 69589 | Elf:3    | magus.rc [v1.9.6]
 69904 | Depths:1 | Entered Level 1 of the Depths
 69913 | Depths:1 | Reached skill level 3 in Axes
 69922 | Depths:1 | Reached skill level 4 in Axes
 69938 | Depths:1 | Reached skill level 5 in Axes
 70225 | Depths:1 | Reached skill level 6 in Axes
 70430 | Depths:1 | Identified the amulet "Hamausch" {RegenMP rPois rF++ rN+
                  | Dex+2}
 70478 | Depths:1 | Reached skill level 7 in Axes
 70929 | Depths:1 | Identified the Catalogue of Snow
 70935 | Depths:1 | You add the spells Hailstorm and Ozocubu's Refrigeration to
                  | your library.
 71090 | Depths:1 | Found an ancient bone altar of Kikubaaqudgha.
 71185 | Depths:1 | Noticed Mara
 71188 | Depths:1 | Identified the serpent talisman of the Weaver {rElec Will-
                  | Dex+10 Stlth-}
 71188 | Depths:1 | Noticed Aizul
 71192 | Depths:1 | Reached skill level 8 in Axes
 71195 | Depths:1 | Killed Mara
 71196 | Depths:1 | Killed Aizul
 71367 | Depths:1 | Reached XP level 23. HP: 276/276 MP: 25/45
 71497 | Depths:1 | Found a gateway to Hell.
 71506 | Depths:1 | Gained mutation: Armour fits poorly on your strangely
                  | shaped body. [a shining eye]
 71710 | Depths:1 | Lost mutation: Armour fits poorly on your strangely shaped
                  | body. [potion of mutation]
 71710 | Depths:1 | Gained mutation: Your system is resistant to poisons.
                  | (rPois) [potion of mutation]
 71710 | Depths:1 | Gained mutation: You have sharp toenails. [potion of
                  | mutation]
 71719 | Depths:2 | Found a one-way gateway to a ziggurat.
 71722 | Depths:2 | Reached skill level 9 in Axes
 71955 | Depths:2 | magus.rc [v1.9.6]
 72133 | Depths:2 | Reached skill level 10 in Axes
 72153 | Depths:2 | Noticed an ancient lich
 72165 | Depths:2 | Killed an ancient lich
 72370 | Depths:2 | Reached skill level 11 in Axes
 72968 | Depths:2 | Reached skill level 12 in Axes
 73601 | Depths:2 | Found a one-way gate leading to the halls of Pandemonium.
 73651 | Depths:2 | Reached skill level 1 in Ice Magic
 73651 | Depths:2 | Reached skill level 5 in Alchemy
 74638 | Elf:1    | Bought the Volume of the Cuttlefish for 1512 gold pieces
 74638 | Elf:1    | You add the spells Slow, Freeze, Frozen Ramparts, Sculpt
                  | Simulacrum, Discord and Polar Vortex to your library.
 74645 | Elf:1    | Learned a level 6 spell: Sculpt Simulacrum
 75015 | Depths:3 | HP: 49/276 [spark wasp (22)]
 75018 | Depths:3 | Reached skill level 2 in Ice Magic
 75413 | Depths:3 | Reached skill level 6 in Alchemy
 75626 | Depths:3 | Reached skill level 3 in Ice Magic
 75810 | Depths:3 | Reached skill level 7 in Alchemy
 75830 | Depths:3 | Noticed Margery
 75833 | Depths:3 | Reached skill level 4 in Ice Magic
 75846 | Depths:3 | Reached skill level 8 in Alchemy
 75854 | Depths:3 | Killed Margery
 75910 | Depths:3 | Reached skill level 5 in Ice Magic
 76186 | Depths:3 | Reached skill level 9 in Alchemy
 76261 | Depths:3 | Your ally Margery died
 76602 | Depths:3 | Found a one-way gate to the infinite horrors of the Abyss.
 76617 | Depths:3 | Reached XP level 24. HP: 239/287 MP: 45/45
 76791 | Depths:3 | Reached skill level 6 in Ice Magic
 76860 | Depths:3 | Found a white marble altar of Elyvilon.
 76874 | Depths:3 | Reached skill level 10 in Alchemy
 76879 | Depths:3 | Identified +0 gold dragon scales
 77111 | Depths:3 | You pick up a book of the Moon and begin reading...
 77111 | Depths:3 | You add the spells Silence and Lehudib's Crystal Spear to
                  | your library.
 77354 | Depths:3 | Found Leyju's One-of-a-Kind Rings.
 77397 | Depths:4 | Entered Level 4 of the Depths
 77424 | Depths:4 | +0 storm dragon scales {rare}; a storm dragon corpse
 77476 | Depths:4 | Found a flickering gateway to a bazaar.
 77481 | Bazaar   | Entered a bazaar
 77481 | Bazaar   | Found Ceakk's Antique Armour Emporium.
 77481 | Bazaar   | Found Juesch's Antique Weapon Shop.
 77620 | Bazaar   | Found Paeg's Weapon Emporium.
 77647 | Bazaar   | Found Xoefim's Antique Weapon Boutique.
 77657 | Bazaar   | Found Koabif's Magic Scroll Shop.
 77665 | Bazaar   | Bought a scroll of enchant armour for 75 gold pieces
 77703 | Depths:4 | +0 storm dragon scales {rare}; a storm dragon skeleton
 77714 | Depths:4 | Reached skill level 11 in Alchemy
 77738 | Depths:4 | Identified the +4 halberd of the Illusory Souls {flame,
                  | rPois rCorr Stlth+}
 77738 | Depths:4 | Identified the +0 shortbow of the Wraith {freeze, Str-3
                  | Int+4 SInv Stlth+}
 77783 | Depths:4 | Noticed a caustic shrike
 77783 | Depths:4 | Noticed a caustic shrike
 77783 | Depths:4 | Noticed a caustic shrike
 77783 | Depths:4 | Noticed a caustic shrike
 77787 | Depths:4 | Killed a caustic shrike
 77788 | Depths:4 | Reached skill level 7 in Ice Magic
 77788 | Depths:4 | Killed a caustic shrike
 77788 | Depths:4 | Killed a caustic shrike
 77794 | Depths:4 | Killed a caustic shrike
 77804 | Depths:4 | Reached skill level 12 in Alchemy
 77821 | Depths:4 | Found Gemoj's Jewellery Emporium.
 77822 | Depths:4 | Found Jothijin's Book Shop.
 77823 | Depths:4 | Found Diana's Jewellery Emporium.
 78003 | Depths:4 | You pick up a book of Decay and begin reading...
 78011 | Depths:4 | Learned a level 4 spell: Martyr's Knell
 78012 | Depths:4 | magus.rc [v1.9.6]
 78187 | Depths:4 | Noticed Boris
 78188 | Depths:4 | magus.rc [v1.9.6]
 78205 | Depths:4 | Killed Boris
 78399 | Depths:4 | Noticed a juggernaut
 78417 | Depths:4 | Killed a juggernaut
 78619 | Depths:4 | Reached skill level 23 in Fighting
 78624 | Depths:4 | Reached skill level 16 in Spellcasting
 78628 | Depths:4 | quicksilver dragon scales {rare}; a quicksilver dragon
                  | corpse
 78628 | Depths:4 | f - quicksilver dragon scales {rare}
 78650 | Depths:4 | You finish putting on your quicksilver dragon scales
                  | {rare}.
 78650 | Depths:4 | You drop +1 storm dragon scales {rare}.
 78651 | Depths:4 | You drop +0 gold dragon scales {rare}.
 78723 | Depths:4 | +0 gold dragon scales {rare}; +1 storm dragon scales {rare}
 79467 | Depths:4 | +0 shadow dragon scales {rare}; a shadow dragon corpse
 79474 | Depths:4 | Identified +0 gold dragon scales
 79561 | Depths:4 | Identified +0 gold dragon scales
 79686 | Depths:4 | +0 gold dragon scales {rare}; a golden dragon corpse
 79698 | Depths:4 | Identified the amulet "Urhoj" {Acrobat Fly Will++ Int-5
                  | SInv}
 79952 | Depths:4 | magus.rc [v1.9.6]
 80164 | Depths:4 | Reached skill level 17 in Spellcasting
 80299 | Depths:4 | Found a gate to the Realm of Zot.
 80305 | Depths:4 | Identified the death talisman of Pan-Flutes {rC+ rCorr
                  | Str+5}
 80305 | Depths:4 | Identified the +6 plate armour of Autotheism {rPois rF-
                  | Int+7 SInv}
 80444 | Depths:4 | Reached skill level 24 in Fighting
 80621 | Depths:4 | Reached skill level 1 in Shapeshifting
 80833 | Vaults:5 | Entered Level 5 of the Vaults
 80848 | Vaults:5 | Reached skill level 2 in Shapeshifting
 80855 | Vaults:5 | Noticed a dread lich
 80857 | Vaults:5 | Reached skill level 3 in Shapeshifting
 80861 | Vaults:5 | Reached XP level 25. HP: 133/296 MP: 5/47
 80864 | Vaults:5 | Reached skill level 4 in Shapeshifting
 80878 | Vaults:5 | Identified the +9 dagger "Itez" {pain, rElec rC- Str+4}
 80878 | Vaults:5 | HP: 74/302 [???[a dread lich] (71)]
 80878 | Vaults:5 | Killed a dread lich
 80879 | Vaults:5 | Reached skill level 5 in Shapeshifting
 80900 | Vaults:5 | Reached skill level 6 in Shapeshifting
 80905 | Vaults:5 | HP: 35/304 [storm dragon/bolt of lightning (52)]
 80908 | Vaults:5 | Noticed an ancient lich
 80953 | Vaults:5 | Identified the +0 flail of the Wilderness {heavy, Will+}
 80963 | Vaults:5 | Identified the +3 shortbow of Propriety {drain, Fly rF+
                  | Stlth-}
 80963 | Vaults:5 | Identified the +0 shortbow "Cintagg" {drain, rF+ rN+ Str+2}
 80968 | Vaults:5 | Reached skill level 7 in Shapeshifting
 80989 | Vaults:5 | Got a silver rune of Zot
 81180 | Vaults:5 | You pick up a book of Debilitation and begin reading...
 81180 | Vaults:5 | You add the spells Sigil of Binding and Confusing Touch to
                  | your library.
 81298 | Vaults:5 | Reached skill level 8 in Shapeshifting
 81619 | Vaults:5 | magus.rc [v1.9.6]
 81637 | Vaults:5 | Reached skill level 9 in Shapeshifting
 82078 | Vaults:5 | Reached skill level 10 in Shapeshifting
 82078 | Vaults:5 | Noticed an ancient lich
 82087 | Vaults:5 | Killed an ancient lich
 82091 | Vaults:5 | Killed an ancient lich
 82231 | Vaults:5 | Identified the +5 ring mail of Yesterday {+Blink rC+ Str+3}
 82284 | Vaults:5 | Identified the +11 long sword "Arbiter" {freeze, *Corrode
                  | Str+5 Int+5}
 82386 | Vaults:5 | Identified the +12 shortbow of the Imbibing Madman {heavy,
                  | rF+ rC++ Int-4 Dex+4}
 82624 | Vaults:5 | Reached skill level 11 in Shapeshifting
 82926 | Vaults:5 | +0 storm dragon scales {rare}; a storm dragon corpse
 83020 | Vaults:5 | Identified the +7 flail of Extuitea {pain, *Corrode rF+
                  | Will++ Dex+3}
 83040 | Vaults:5 | Identified the +0 cloak of Xom, Enfolding {rF+ rC+}
 83152 | Vaults:5 | You pick up a book of Armaments and begin reading...
 83163 | Vaults:5 | Identified the Handbook of Calling
 83170 | Vaults:5 | You add the spells Call Canine Familiar and Summon Hydra to
                  | your library.
 83659 | Depths:3 | Bought the ring of the Rescuing Gods {rElec rCorr} for 680
                  | gold pieces
 83661 | Depths:3 | magus.rc [v1.9.6]
 83719 | Zot:1    | Entered Level 1 of the Realm of Zot
 83735 | Zot:1    | Reached skill level 12 in Shapeshifting
 83762 | Zot:1    | HP: 73/293 [bunyip[spawned from a protean progenitor] (47)]
 83781 | Zot:1    | HP: 64/265 [quicksilver dragon/bolt of dispelling energy
                  | (28)]
 84968 | Zot:1    | Reached skill level 13 in Shapeshifting
 84980 | Zot:1    | Reached XP level 26. HP: 238/298 MP: 22/47
 85018 | Zot:1    | HP: 69/310 [ettin[spawned from a protean progenitor] (49)]
 85495 | Zot:1    | You pick up a book of Storms and begin reading...
 85578 | Zot:1    | Reached skill level 14 in Shapeshifting
 86017 | Zot:1    | You add the spells Ignite Poison and Freezing Cloud to your
                  | library.
 86087 | Zot:1    | Your quicksilver dragon scales {rare} glows black for a
                  | moment.
 86230 | Zot:1    | Reached skill level 4 in Fire Magic
 86230 | Zot:1    | Reached skill level 4 in Air Magic
 86570 | Zot:1    | You pick up a book of Vapours and begin reading...
 86645 | Zot:1    | You pick up a book of Transmutation and begin reading...
 86778 | Zot:2    | Identified +0 gold dragon scales
 87691 | Zot:2    | Reached skill level 15 in Shapeshifting
 87740 | Zot:2    | +0 shadow dragon scales {rare}; a shadow dragon corpse
 87987 | Zot:2    | HP: 65/313 [purple draconian shifter/bolt of dispelling
                  | energy (27)]
 88751 | Zot:3    | Reached skill level 16 in Shapeshifting
 89183 | Zot:3    | +0 storm dragon scales {rare}; a storm dragon corpse
 89240 | Zot:3    | Identified the +10 plate armour of the Countless Hells {Fly
                  | Str+3}
 89306 | Zot:3    | Noticed an electric golem
 89322 | Zot:3    | Noticed an orb of fire
 89726 | Zot:3    | Killed an electric golem
 89742 | Zot:3    | Reached skill level 17 in Shapeshifting
 89760 | Zot:3    | Noticed a curse toe
 89770 | Zot:3    | Killed a curse toe
 90643 | Zot:3    | Found the +5 moon troll leather armour {Spirit, Regen++
                  | MP+5}
 90656 | Zot:3    | Gained mutation: Your natural rate of healing is unusually
                  | fast. [an orb of fire]
 90656 | Zot:3    | Gained mutation: Your flesh is heat resistant. (rF+) [an
                  | orb of fire]
 90665 | Zot:3    | Killed an orb of fire
 90876 | Zot:4    | Reached XP level 27. HP: 263/311 MP: 3/48
 91126 | Zot:4    | Reached skill level 18 in Shapeshifting
 91127 | Zot:4    | quicksilver dragon scales {rare}; a quicksilver dragon
                  | corpse
 91279 | Zot:4    | quicksilver dragon scales {rare}; a quicksilver dragon
                  | corpse
 91280 | Zot:4    | +0 storm dragon scales {rare}; a storm dragon corpse
 91327 | Zot:4    | +0 storm dragon scales {rare}; a storm dragon corpse
 91328 | Zot:4    | quicksilver dragon scales {rare}; a quicksilver dragon
                  | corpse
 91614 | Zot:4    | Noticed Grunn
 91623 | Zot:4    | Noticed a curse toe
 91635 | Zot:4    | Killed Grunn
 91646 | Zot:4    | HP: 73/323 [??? (70)]
 91847 | Zot:4    | quicksilver dragon scales {rare}; a quicksilver dragon
                  | skeleton
 92288 | Crypt:1  | Entered Level 1 of the Crypt
 92322 | Crypt:1  | Identified a scroll of acquirement
 92333 | Crypt:1  | Acquired 488 gold pieces
 92398 | Crypt:1  | Reached skill level 19 in Shapeshifting
 92458 | Crypt:1  | Identified the +0 ring mail "Fenumera" {SInv}
 92921 | Crypt:1  | You pick up a book of Power and begin reading...
 92921 | Crypt:1  | You add the spells Iskenderun's Battlesphere and Bombard to
                  | your library.
 93297 | Crypt:1  | You add the spells Sticky Flame and Ignition to your
                  | library.
 93394 | Crypt:1  | magus.rc [v1.9.6]
 93620 | Slime:1  | Entered Level 1 of the Pits of Slime
 93630 | Slime:1  | Reached skill level 20 in Shapeshifting
 93754 | Slime:5  | Entered Level 5 of the Pits of Slime
 93893 | Slime:5  | Noticed the Royal Jelly
 93954 | Slime:5  | Killed the Royal Jelly
 93955 | Slime:5  | Reached skill level 8 in Ice Magic
 93974 | Slime:5  | Identified the +0 pair of boots "Jaetz" {Harm rC+ Str+3}
 93976 | Slime:5  | Identified the amulet of the City {RegenMP Rampage rF-
                  | Dex+5 SInv}
 94014 | Slime:5  | Identified the +3 ring mail of Heuwaut {rElec}
 94016 | Slime:5  | Identified the +6 great sword of Grandeur {heavy, *Corrode
                  | Int+8 Dex-2 SInv}
 94036 | Slime:5  | Got a slimy rune of Zot
 94065 | Slime:5  | Identified the +8 triple sword of the Puffin {venom, rPois
                  | Str+2 Dex+3}
 94172 | Slime:5  | You pick up a book of Annihilations and begin reading...
 94172 | Slime:5  | You add the spells Chain Lightning, Fire Storm and Shatter
                  | to your library.
 94744 | Crypt:2  | Noticed a curse skull
 94752 | Crypt:2  | Killed a curse skull
 94852 | Crypt:2  | Reached skill level 9 in Ice Magic
 95020 | Crypt:2  | Reached skill level 10 in Ice Magic
 95366 | Crypt:3  | Entered Level 3 of the Crypt
 95374 | Crypt:3  | Noticed a curse skull
 95385 | Crypt:3  | Killed a curse skull
 95386 | Crypt:3  | Noticed a curse skull
 95404 | Crypt:3  | Killed a curse skull
 95485 | Crypt:3  | Reached skill level 11 in Ice Magic
 95591 | Crypt:3  | You pick up a book of the Spheres and begin reading...
 95591 | Crypt:3  | You add the spells Brom's Barrelling Boulder, Fireball and
                  | Conjure Ball Lightning to your library.
 95975 | Crypt:3  | Reached skill level 12 in Ice Magic
 96051 | Crypt:3  | Found a staircase to the Tomb.
 96386 | Crypt:3  | Identified the Compendium of Luminous Convocation
 96535 | Crypt:3  | Reached skill level 13 in Ice Magic
 96720 | Crypt:3  | You shatter the curse binding the cursed quicksilver dragon
                  | scales "Mantic Stoicism" {Will+, rare, Fort, Self}!
 97025 | Depths:4 | f - quicksilver dragon scales {rare}
 97031 | Depths:4 | You finish putting on your quicksilver dragon scales
                  | {rare}.
 97561 | Crypt:3  | Found a basalt altar of Yredelemnul.
 97752 | Crypt:3  | Noticed Jory
 97763 | Crypt:3  | Killed Jory
 97767 | Crypt:3  | Found the +11 Singing Sword {sonic wave}
 97767 | Crypt:3  | Identified the +1 dagger of Res Judicata {drain, rF+ Will-
                  | Str+6 Int+2}
 98118 | Depths:3 | Voluntarily entered the Abyss.
 98181 | Abyss:1  | Found a corrupted altar of Lugonu.
 98186 | Abyss:1  | Found a corrupted altar of Lugonu.
 98242 | Abyss:1  | Found a corrupted altar of Lugonu.
 98451 | Abyss:1  | Found a corrupted altar of Lugonu.
 98535 | Abyss:2  | Reached skill level 14 in Ice Magic
 98578 | Abyss:2  | Found a corrupted altar of Lugonu.
 98621 | Abyss:3  | Found a corrupted altar of Lugonu.
 98723 | Abyss:3  | Found a corrupted altar of Lugonu.
 98953 | Abyss:3  | Reached skill level 15 in Ice Magic
 99366 | Abyss:3  | Reached skill level 16 in Ice Magic
 99794 | Abyss:3  | Reached skill level 17 in Ice Magic
 99800 | Abyss:3  | Got an abyssal rune of Zot
 99864 | Abyss:3  | Found a corrupted altar of Lugonu.
 99930 | Depths:3 | You pass through the gate.
 99930 | Depths:3 | Escaped the Abyss
100274 | Slime:5  | Got a starry gem with 290 turns to spare
100633 | Pan      | Entered Pandemonium
100967 | Pan      | Noticed Onucw the pandemonium lord
100993 | Pan      | Killed Onucw the pandemonium lord
101124 | Pan      | Reached skill level 18 in Ice Magic
101219 | Pan      | You pick up a book of Vapours and begin reading...
101394 | Pan      | Found an exit through the horrors of the Abyss.
101759 | Pan      | You pick up a book of Winter and begin reading...
102049 | Pan      | Learned a level 9 spell: Polar Vortex
102115 | Pan      | magus.rc [v1.9.6]
102158 | Pan      | Identified the +0 scale mail of Dithmenos's Generosity {rF+
                  | Slay+3}
102697 | Pan      | Reached skill level 19 in Ice Magic
103067 | Pan      | Noticed Ijac the pandemonium lord
103082 | Pan      | Killed Ijac the pandemonium lord
103093 | Pan      | Got a demonic rune of Zot
103349 | Pan      | Noticed Qassoph the pandemonium lord
103355 | Pan      | HP: 77/308 [Qassoph the pandemonium lord/great icy blast
                  | (42)]
103362 | Pan      | HP: 46/308 [something/ball of steam (3)]
103369 | Pan      | HP: 46/308 [sun demon (7)]
103559 | Pan      | Noticed Wic Yzxa the pandemonium lord
103574 | Pan      | Killed Wic Yzxa the pandemonium lord
103602 | Pan      | Noticed Mennas
103627 | Pan      | Killed Mennas
103628 | Pan      | Reached skill level 20 in Ice Magic
103893 | Pan      | Identified the +0 ring mail "Qacioqent" {rCorr}
104172 | Pan      | Found an opulent altar of Gozag.
104179 | Pan      | Noticed Gibryoss the pandemonium lord
104203 | Pan      | Killed Gibryoss the pandemonium lord
104212 | Pan      | Found Gibryoss's Fine Accessories.
104217 | Pan      | Found Gibryoss's Quality Elixirs.
104240 | Pan      | Found an opulent altar of Gozag.
104242 | Pan      | Bought a potion of heal wounds for 85 gold pieces
104242 | Pan      | Bought a potion of heal wounds for 85 gold pieces
104242 | Pan      | Bought a potion of haste for 170 gold pieces
104242 | Pan      | Bought a potion of mutation for 136 gold pieces
104259 | Pan      | Found Gibryoss's Book Shoppe.
104275 | Pan      | Found an opulent altar of Gozag.
104326 | Pan      | Found Gibryoss's Rarities Hole.
104359 | Depths:2 | You pass through the gate.
104359 | Depths:2 | Escaped Pandemonium
104413 | Zig:1    | Entered Level 1 of a ziggurat
104421 | Zig:1    | Reached skill level 21 in Ice Magic
104433 | Zig:2    | Entered Level 2 of a ziggurat
104454 | Zig:3    | Entered Level 3 of a ziggurat
104601 | Zig:4    | Entered Level 4 of a ziggurat
104645 | Zig:4    | You pick up a book of Geomancy and begin reading...
104645 | Zig:4    | You add the spells Sandblast and Passwall to your library.
104655 | Zig:4    | You pick up a book of Debilitation and begin reading...
104664 | Zig:5    | Entered Level 5 of a ziggurat
104720 | Zig:6    | Entered Level 6 of a ziggurat
104727 | Zig:6    | Identified the +7 chain mail of Sophism {Will- Regen+
                  | Stlth+}
104730 | Zig:6    | Identified the +2 robe "Nahirure" {rElec rF+ Will+}
104836 | Zig:7    | Entered Level 7 of a ziggurat
104843 | Zig:7    | Identified the +3 lajatang "Tisaog" {freeze, Str+3 Int+2}
104844 | Zig:7    | Noticed an orb of fire
104854 | Zig:7    | Killed an orb of fire
104903 | Zig:8    | Entered Level 8 of a ziggurat
104908 | Zig:8    | Noticed Qov Tuuj the pandemonium lord
104908 | Zig:8    | Identified the +1 chain mail of Cotaolih {rPois Dex+4
                  | Stlth+}
104918 | Zig:8    | Killed Qov Tuuj the pandemonium lord
104920 | Zig:8    | Identified the +0 plate armour of Jiareaze {-Cast rC+
                  | Regen+}
104984 | Zig:9    | Entered Level 9 of a ziggurat
105000 | Zig:9    | Identified the amulet of Paucopy Vymo {Acrobat +Blink rCorr
                  | Dex+5}
105001 | Zig:9    | Found the amulet of Vitality {RegenMP++ Regen++}
105004 | Zig:9    | Reached skill level 22 in Ice Magic
105074 | Zig:10   | Entered Level 10 of a ziggurat
105085 | Zig:10   | Identified the granite talisman of Incorporation {Dex+2}
105087 | Zig:10   | Identified the +8 halberd of the Pill Bug {speed, rC- rN++
                  | rCorr}
105087 | Zig:10   | Identified the +9 war axe "Idasu" {flame, +Blink Str+3
                  | Dex+2}
105088 | Zig:10   | Noticed an ancient lich
105097 | Zig:10   | Killed an ancient lich
105169 | Zig:10   | You pick up a book of the Dragon and begin reading...
105183 | Zig:11   | Entered Level 11 of a ziggurat
105188 | Zig:11   | Noticed an ancient lich
105190 | Zig:11   | Noticed an ancient lich
105191 | Zig:11   | Noticed a curse skull
105192 | Zig:11   | Identified the Anthology of Baneful Feathers
105192 | Zig:11   | Identified the staff "Genofu" {rC+ Conj Ice}
105193 | Zig:11   | Noticed a dread lich
105194 | Zig:11   | Identified the +12 halberd of Noag {heavy, rElec rF+ Int+2
                  | Dex-2}
105194 | Zig:11   | Found the +3 robe of Clouds {*Thunder rCloud rElec}
105201 | Zig:11   | Killed a curse skull
105204 | Zig:11   | Killed an ancient lich
105222 | Zig:11   | Killed a dread lich
105223 | Zig:11   | Reached skill level 23 in Ice Magic
105365 | Zig:11   | You pick up a book of Battle and begin reading...
105389 | Zig:11   | You pick up a book of the Senses and begin reading...
105407 | Zig:12   | Entered Level 12 of a ziggurat
105418 | Zig:12   | Identified the +8 broad axe of Uheenel {drain, Int+3}
105419 | Zig:12   | Identified the ring of the Lotus Blossom {rPois rF+ rCorr
                  | Str-4 Int+2}
105419 | Zig:12   | Found the amulet of the Four Winds {rN+ Will+++ Clar}
105419 | Zig:12   | Identified the staff of Yhof {rC+ rN+ Necro Earth}
105419 | Zig:12   | Identified the +2 helmet "Xuvuj" {rElec rPois rN++ Int-3}
105517 | Zig:12   | You pick up a book of Burglary and begin reading...
105535 | Zig:13   | Entered Level 13 of a ziggurat
105539 | Zig:13   | Noticed Zasosaq the pandemonium lord
105540 | Zig:13   | Noticed Losojifa the pandemonium lord
105542 | Zig:13   | Noticed Xolinoqi the pandemonium lord
105552 | Zig:13   | Killed Zasosaq the pandemonium lord
105556 | Zig:13   | Killed Xolinoqi the pandemonium lord
105557 | Zig:13   | Identified Ucutu Kuro's Papyrus of Fateful Concoctions
105564 | Zig:13   | Killed Losojifa the pandemonium lord
105565 | Zig:13   | Reached skill level 24 in Ice Magic
105572 | Zig:13   | Identified the +10 mace "Modypix" {freeze, rN+}
105644 | Zig:13   | You pick up a book of Blasting and begin reading...
105667 | Zig:14   | Entered Level 14 of a ziggurat
105672 | Zig:14   | Noticed a caustic shrike
105677 | Zig:14   | Killed a caustic shrike
105681 | Zig:14   | Found the ring of the Octopus King {rN+ HP+2 AC+2 EV+2
                  | SH+2}
105681 | Zig:14   | Found the ring of the Octopus King {rN+ HP+2 AC+2 EV+2
                  | SH+2}
105681 | Zig:14   | Found the +8 arc blade {discharge, rElec}
105687 | Zig:15   | Entered Level 15 of a ziggurat
105706 | Zig:15   | Noticed Ycainkal the pandemonium lord
105706 | Zig:15   | Identified the +2 triple crossbow "Ucular" {heavy, Dex+2}
105706 | Zig:15   | Identified Ruaweseg's Anthology of Damage
105706 | Zig:15   | Identified the +1 dire flail of Saltpetre {freeze, *Slow
                  | rElec Will++}
105706 | Zig:15   | Identified the Incunable of Frigorific Nonlocality
105706 | Zig:15   | Identified the ring of Sloth {Fly Dex+3}
105707 | Zig:15   | Identified the +4 great sword of Arbitration {drain, rElec
                  | rC+++ MP+9 Dex-5}
105903 | Pan      | Entered Pandemonium
105932 | Pan      | Reached skill level 25 in Fighting
106026 | Pan      | Found an exit through the horrors of the Abyss.
106067 | Pan      | Your quicksilver dragon scales {rare} glows black for a
                  | moment.
106075 | Pan      | Entered the realm of Lom Lobon.
106218 | Pan      | Found an exit through the horrors of the Abyss.
106374 | Pan      | Reached skill level 13 in Axes
106431 | Pan      | Reached skill level 8 in Dodging
106686 | Pan      | Noticed Lom Lobon
106727 | Pan      | Killed Lom Lobon
106728 | Pan      | Reached skill level 14 in Axes
106736 | Pan      | Got a magical rune of Zot
106998 | Pan      | Reached skill level 9 in Dodging
107011 | Pan      | Reached skill level 15 in Axes
107058 | Pan      | Entered the realm of Gloorx Vloq.
107115 | Pan      | Noticed a curse skull
107122 | Pan      | Noticed a curse skull
107145 | Pan      | Killed a curse skull
107150 | Pan      | Killed a curse skull
107161 | Pan      | Reached skill level 10 in Dodging
107172 | Pan      | Reached skill level 16 in Axes
107184 | Pan      | Noticed Gloorx Vloq
107200 | Pan      | Killed Gloorx Vloq
107351 | Pan      | Got a dark rune of Zot
107438 | Pan      | magus.rc [v1.9.6]
107672 | Pan      | Reached skill level 17 in Axes
107799 | Pan      | Noticed Janom the pandemonium lord
107801 | Pan      | Reached skill level 11 in Dodging
107817 | Pan      | Killed Janom the pandemonium lord
107841 | Pan      | Entered the realm of Mnoleg.
107877 | Pan      | Found an exit through the horrors of the Abyss.
108065 | Pan      | Reached skill level 18 in Axes
108170 | Pan      | Reached skill level 12 in Dodging
108341 | Pan      | Noticed Mnoleg
108377 | Pan      | Killed Mnoleg
108378 | Pan      | Reached skill level 13 in Dodging
108407 | Pan      | Got a glowing rune of Zot
108512 | Pan      | Entered the realm of Cerebov.
108513 | Pan      | Identified the +7 spear of the Fox {drain, Fly rElec rC+}
108513 | Pan      | Identified the +1 scale mail of the Swamp {-Cast rF++ Str+3
                  | Stlth+}
108612 | Pan      | You pick up a book of Callings and begin reading...
108681 | Pan      | Identified the +8 long sword of Malaise {flame, rPois}
108682 | Pan      | Identified the Discursus on Nival Ceraunoscopy
108706 | Pan      | Identified the +5 pair of gloves of the Turtledove {^Contam
                  | rC+ Dex+3}
108758 | Pan      | Identified the +7 dagger of Qazlal's Pride {drain, ^Contam
                  | rElec rC+}
108785 | Pan      | Identified the +8 long sword "Keuqebb" {venom, rC++ rN+
                  | Dex+3}
108903 | Pan      | Found the +6 sword of Cerebov {flame}
108903 | Pan      | Cerebov, Demon Lord of Fire and Steel comes into view. They
                  | are wielding the +6 sword of Cerebov {flame}.
108903 | Pan      | Noticed Cerebov
108929 | Pan      | Aim: Cerebov, wielding the +6 sword of Cerebov {flame}
                  | (severely wounded, fast, slow, weak)
108929 | Pan      | Aim: Cerebov, wielding the +6 sword of Cerebov {flame}
                  | (severely wounded, fast, slow, weak)
108945 | Pan      | Killed Cerebov
108946 | Pan      | Reached skill level 14 in Dodging
108951 | Pan      | HP: 52/323 [Brimstone Fiend/damnation (40)]
109166 | Pan      | Got a fiery rune of Zot
109421 | Pan      | Reached skill level 15 in Dodging
109543 | Depths:2 | You pass through the gate.
109543 | Depths:2 | Escaped Pandemonium
109846 | Tomb:1   | Entered Level 1 of the Tomb of the Ancients
110038 | Tomb:1   | Reached skill level 16 in Dodging
110338 | Tomb:1   | Noticed a royal mummy
110348 | Tomb:1   | Killed a royal mummy
110475 | Tomb:1   | Found the +6 lightning scales {swift, rElec}
110498 | Tomb:1   | Noticed a royal mummy
110505 | Tomb:1   | Noticed a royal mummy
110516 | Tomb:1   | Killed a royal mummy
110520 | Tomb:1   | Killed a royal mummy
110521 | Tomb:1   | Reached skill level 17 in Dodging
110535 | Tomb:2   | Noticed a royal mummy
110536 | Tomb:2   | Noticed a royal mummy
110536 | Tomb:2   | Noticed a royal mummy
110537 | Tomb:2   | Noticed a royal mummy
110545 | Tomb:2   | Noticed a royal mummy
110550 | Tomb:2   | Killed a royal mummy
110550 | Tomb:2   | Killed a royal mummy
110553 | Tomb:2   | Killed a royal mummy
110566 | Tomb:2   | Killed a royal mummy
110567 | Tomb:2   | Killed a royal mummy
110654 | Tomb:1   | Noticed a royal mummy
110654 | Tomb:1   | Noticed a royal mummy
110654 | Tomb:1   | Noticed a royal mummy
110655 | Tomb:1   | Noticed a royal mummy
110656 | Tomb:1   | Noticed a royal mummy
110660 | Tomb:1   | Reached skill level 18 in Dodging
110661 | Tomb:1   | Noticed a royal mummy
110668 | Tomb:1   | Killed a royal mummy
110670 | Tomb:1   | Killed a royal mummy
110670 | Tomb:1   | Killed a royal mummy
110670 | Tomb:1   | Killed a royal mummy
110671 | Tomb:1   | Killed a royal mummy
110672 | Tomb:1   | Noticed a royal mummy
110673 | Tomb:1   | Noticed a royal mummy
110675 | Tomb:1   | Killed a royal mummy
110682 | Tomb:1   | Killed a royal mummy
110685 | Tomb:1   | Killed a royal mummy
110699 | Tomb:1   | Noticed a royal mummy
110705 | Tomb:1   | Noticed a royal mummy
110708 | Tomb:1   | Noticed a royal mummy
110713 | Tomb:1   | Killed a royal mummy
110729 | Tomb:1   | Killed a royal mummy
110737 | Tomb:1   | Noticed a royal mummy
110741 | Tomb:1   | Killed a royal mummy
110742 | Tomb:1   | Reached skill level 19 in Dodging
110760 | Tomb:1   | Killed a royal mummy
110896 | Tomb:1   | Noticed a royal mummy
110907 | Tomb:1   | Killed a royal mummy
110913 | Tomb:1   | Noticed a royal mummy
110926 | Tomb:1   | Killed a royal mummy
110938 | Tomb:1   | Noticed a royal mummy
110947 | Tomb:1   | Noticed a royal mummy
110953 | Tomb:1   | Killed a royal mummy
110968 | Tomb:1   | Killed a royal mummy
111062 | Tomb:3   | Entered Level 3 of the Tomb of the Ancients
111064 | Tomb:3   | Noticed a royal mummy
111067 | Tomb:3   | Identified the +9 orcbow "Gathranypt" {freeze, rN+}
111094 | Tomb:3   | Noticed a royal mummy
111094 | Tomb:3   | Noticed a royal mummy
111095 | Tomb:3   | Noticed a royal mummy
111097 | Tomb:3   | Noticed a royal mummy
111098 | Tomb:3   | Noticed a royal mummy
111098 | Tomb:3   | Noticed a royal mummy
111101 | Tomb:3   | Noticed a royal mummy
111106 | Tomb:3   | Killed a royal mummy
111109 | Tomb:3   | Killed a royal mummy
111113 | Tomb:3   | Got a golden rune of Zot
111113 | Tomb:3   | Got a sanguine gem with 1035 turns to spare
111134 | Tomb:3   | Identified the +1 pair of gloves "Jioqeblu" {Str+3}
111134 | Tomb:3   | Identified the Anthology of the Gathering
111137 | Tomb:3   | Identified the ring of Quly {rElec rPois rC++ rCorr Dex+2}
111137 | Tomb:3   | Identified the ring "Qevioq" {Fire rElec Str+9 Int-3
                  | Slay+3}
111139 | Tomb:3   | Found the +5 scythe "Finisher" {speed, execute}
111164 | Tomb:2   | Reached skill level 20 in Dodging
111420 | D:13     | magus.rc [v1.9.6]
111505 | Hell     | Entered the Vestibule of Hell
111505 | Hell     | Noticed Geryon
111518 | Hell     | Killed Geryon
111591 | Hell     | Reached skill level 9 in Armour
111695 | Hell     | Reached skill level 10 in Armour
111735 | Hell     | Found a gateway to the decaying netherworld of Tartarus.
111800 | Hell     | Found a gateway to the freezing wastes of Cocytus.
112113 | Hell     | Found a gateway to the Iron City of Dis.
112225 | Hell     | Found a gateway to the ashen valley of Gehenna.
112259 | Hell     | Upgraded the game from 0.31-a0-1447-g87ca8d402b to
                  | 0.31-a0-1467-g53b6572822
112259 | Hell     | magus.rc [v1.9.6]
112294 | Geh:1    | Entered Level 1 of Gehenna
112310 | Geh:1    | Reached skill level 11 in Armour
112446 | Geh:3    | Reached skill level 12 in Armour
112582 | Geh:6    | Reached skill level 13 in Armour
112603 | Geh:7    | Entered Level 7 of Gehenna
112777 | Geh:7    | Reached skill level 14 in Armour
112873 | Geh:7    | magus.rc [v1.9.6]
112896 | Geh:7    | Identified the +4 arbalest "Ennyrura" {drain, rC+ rN+
                  | Will-}
113049 | Geh:7    | Found the +13 sceptre of Asmodeus
113049 | Geh:7    | Noticed Asmodeus
113049 | Geh:7    | Asmodeus, Prince of Gehenna comes into view. He is wielding
                  | the +13 sceptre of Asmodeus.
113056 | Geh:7    | Identified the +4 orcbow of Descent {heavy, rF++ Will-}
113059 | Geh:7    | Reached skill level 15 in Armour
113067 | Geh:7    | Killed Asmodeus
113103 | Geh:7    | Identified the Spellbook of Undead Weather
113104 | Geh:7    | Identified the Omnibus of Sophism
113119 | Geh:7    | Got an obsidian rune of Zot
113131 | Geh:7    | You pick up a book of Flames and begin reading...
113131 | Geh:7    | You add the spells Inner Flame and Flame Wave to your
                  | library.
113137 | Geh:7    | You pick up a book of Armaments and begin reading...
113162 | Geh:7    | You pick up a book of Fire and begin reading...
113408 | Coc:1    | Entered Level 1 of Cocytus
113537 | Coc:2    | Paralysed by a wendigo for 1 turns
113542 | Coc:2    | Paralysed by a wendigo for 1 turns
113559 | Coc:2    | Reached skill level 16 in Armour
113973 | Coc:3    | Reached skill level 17 in Armour
114265 | Coc:5    | Paralysed by a wendigo for 1 turns
114272 | Coc:5    | Reached skill level 18 in Armour
114348 | Coc:6    | Reached skill level 19 in Armour
114430 | Coc:7    | Entered Level 7 of Cocytus
114435 | Coc:7    | Paralysed by a wendigo for 1 turns
114450 | Coc:7    | Paralysed by a wendigo for 1 turns
114608 | Coc:7    | Paralysed by a wendigo for 1 turns
114695 | Coc:7    | Reached skill level 18 in Spellcasting
114787 | Coc:7    | Noticed the Serpent of Hell
114808 | Coc:7    | Reached skill level 19 in Spellcasting
115104 | Coc:7    | Killed the Serpent of Hell
115231 | Coc:7    | Reached skill level 20 in Spellcasting
115338 | Coc:7    | Noticed Antaeus
115399 | Coc:7    | Killed Antaeus
115548 | Coc:7    | You pick up a book of Lightning and begin reading...
115580 | Coc:7    | Identified the staff of Mourning {rPois Str+3 Int+3
                  | Alchemy}
115594 | Coc:7    | You pick up a book of Callings and begin reading...
115603 | Coc:7    | Identified the +1 broad axe of the Ecumenical Temple {elec,
                  | *Noise rElec rC+ MP+9}
115607 | Coc:7    | Got an icy rune of Zot
115714 | Dis:1    | Entered Level 1 of the Iron City of Dis
115718 | Dis:1    | Reached skill level 21 in Spellcasting
115724 | Dis:1    | Noticed a caustic shrike
115732 | Dis:1    | Noticed a caustic shrike
115732 | Dis:1    | Noticed a caustic shrike
115732 | Dis:1    | Noticed a caustic shrike
115733 | Dis:1    | Noticed a caustic shrike
115734 | Dis:1    | Noticed a caustic shrike
115736 | Dis:1    | Noticed a caustic shrike
115739 | Dis:1    | Killed a caustic shrike
115739 | Dis:1    | Noticed a caustic shrike
115742 | Dis:1    | Killed a caustic shrike
115744 | Dis:1    | Killed a caustic shrike
115745 | Dis:1    | Killed a caustic shrike
115745 | Dis:1    | Killed a caustic shrike
115745 | Dis:1    | Killed a caustic shrike
115751 | Dis:1    | Killed a caustic shrike
115751 | Dis:1    | Killed a caustic shrike
116009 | Dis:2    | Noticed a caustic shrike
116013 | Dis:2    | Reached skill level 22 in Spellcasting
116013 | Dis:2    | Killed a caustic shrike
116052 | Dis:3    | Noticed a caustic shrike
116052 | Dis:3    | Noticed a caustic shrike
116054 | Dis:3    | Noticed a caustic shrike
116063 | Dis:3    | Killed a caustic shrike
116064 | Dis:3    | Killed a caustic shrike
116064 | Dis:3    | Killed a caustic shrike
116070 | Dis:3    | Noticed a caustic shrike
116074 | Dis:3    | Noticed a caustic shrike
116075 | Dis:3    | Noticed a caustic shrike
116075 | Dis:3    | Noticed a caustic shrike
116076 | Dis:3    | Killed a caustic shrike
116079 | Dis:3    | Killed a caustic shrike
116080 | Dis:3    | Killed a caustic shrike
116081 | Dis:3    | Killed a caustic shrike
116294 | Dis:4    | Noticed an ancient lich
116294 | Dis:4    | Noticed an ancient lich
116300 | Dis:4    | Killed an ancient lich
116301 | Dis:4    | Reached skill level 23 in Spellcasting
116301 | Dis:4    | Killed an ancient lich
116302 | Dis:4    | Noticed an ancient lich
116306 | Dis:4    | Noticed an ancient lich
116324 | Dis:4    | Noticed a caustic shrike
116325 | Dis:4    | Noticed a caustic shrike
116330 | Dis:4    | Killed a caustic shrike
116333 | Dis:4    | Noticed a caustic shrike
116334 | Dis:4    | Killed a caustic shrike
116339 | Dis:4    | Killed a caustic shrike
116404 | Dis:4    | Killed an ancient lich
116591 | Dis:7    | Entered Level 7 of the Iron City of Dis
116601 | Dis:7    | Noticed a caustic shrike
116611 | Dis:7    | Killed a caustic shrike
116612 | Dis:7    | Reached skill level 24 in Spellcasting
116682 | Dis:7    | Noticed a caustic shrike
116690 | Dis:7    | Killed a caustic shrike
116715 | Dis:7    | Noticed a caustic shrike
116726 | Dis:7    | Killed a caustic shrike
116845 | Dis:7    | Noticed a juggernaut
116852 | Dis:7    | Killed a juggernaut
116876 | Dis:7    | Noticed a caustic shrike
116883 | Dis:7    | Killed a caustic shrike
116942 | Dis:7    | Reached skill level 25 in Spellcasting
117199 | Dis:7    | Noticed a juggernaut
117204 | Dis:7    | Noticed a juggernaut
117216 | Dis:7    | Killed a juggernaut
117223 | Dis:7    | Noticed a caustic shrike
117228 | Dis:7    | Killed a caustic shrike
117230 | Dis:7    | Killed a juggernaut
117457 | Dis:7    | Noticed a caustic shrike
117474 | Dis:7    | Killed a caustic shrike
117565 | Dis:7    | Noticed Dispater
117565 | Dis:7    | Identified the +0 triple crossbow of Uskayaw's Generosity
                  | {penet, +Blink rC- Will- SInv}
117575 | Dis:7    | Got an iron rune of Zot
117609 | Dis:7    | Identified the +4 rapier "Ohodoaq" {protect, rF- rN+
                  | Stlth+}
117691 | Tar:1    | Entered Level 1 of Tartarus
117729 | Tar:1    | Reached skill level 26 in Spellcasting
118108 | Tar:5    | Reached skill level 27 in Spellcasting
118146 | Tar:6    | Reached skill level 26 in Fighting
118231 | Tar:6    | Reached skill level 27 in Fighting
118346 | Tar:7    | Entered Level 7 of Tartarus
118397 | Tar:7    | Reached skill level 14 in Shields
118606 | Tar:7    | Reached skill level 15 in Shields
118631 | Tar:7    | Noticed an ancient lich
118645 | Tar:7    | Killed an ancient lich
118660 | Tar:7    | Noticed a dread lich
118661 | Tar:7    | Paralysed by a dread lich for 4 turns
118677 | Tar:7    | Paralysed by a dread lich for 5 turns
118686 | Tar:7    | Killed a dread lich
118777 | Tar:7    | Reached skill level 16 in Shields
118986 | Tar:7    | Noticed Ereshkigal
118995 | Tar:7    | Reached skill level 17 in Shields
119090 | Tar:7    | Killed Ereshkigal
119221 | Tar:7    | Got a bone rune of Zot
119494 | Zot:5    | Entered Level 5 of the Realm of Zot
119762 | Zot:5    | Reached skill level 18 in Shields
119791 | Zot:5    | quicksilver dragon scales {rare}; a quicksilver dragon
                  | corpse
120101 | Zot:5    | Noticed an electric golem
120104 | Zot:5    | Noticed an ancient lich
120104 | Zot:5    | Noticed an orb of fire
120104 | Zot:5    | Noticed an orb of fire
120104 | Zot:5    | Noticed an ancient lich
120104 | Zot:5    | Noticed an orb of fire
120104 | Zot:5    | Noticed a curse toe
120123 | Zot:5    | Gained mutation: You occasionally lose the ability to drink
                  | potions when taking damage. [an orb of fire]
120128 | Zot:5    | Gained mutation: You are weak. (Str -2) [an orb of fire]
120138 | Zot:5    | Killed an orb of fire
120175 | Zot:5    | Lost mutation: Your flesh is heat resistant. (rF+) [potion
                  | of mutation]
120175 | Zot:5    | Lost mutation: You have sharp toenails. [potion of
                  | mutation]
120175 | Zot:5    | Lost mutation: Your system is resistant to poisons. (rPois)
                  | [potion of mutation]
120175 | Zot:5    | Gained mutation: You possess an exceptional clarity of
                  | mind. [potion of mutation]
120176 | Zot:5    | Lost mutation: You are weak. (Str -2) [potion of mutation]
120176 | Zot:5    | Lost mutation: You occasionally lose the ability to drink
                  | potions when taking damage. [potion of mutation]
120176 | Zot:5    | Lost mutation: You possess an exceptional clarity of mind.
                  | [potion of mutation]
120176 | Zot:5    | Gained mutation: Your magical capacity is low. (-10% MP)
                  | [potion of mutation]
120176 | Zot:5    | Gained mutation: Your system is resistant to poisons.
                  | (rPois) [potion of mutation]
120176 | Zot:5    | Gained mutation: You have a pair of horns on your head.
                  | [potion of mutation]
120177 | Zot:5    | Lost mutation: You have a pair of horns on your head.
                  | [potion of mutation]
120177 | Zot:5    | Lost mutation: Your system is resistant to poisons. (rPois)
                  | [potion of mutation]
120177 | Zot:5    | Lost mutation: Your magical capacity is low. (-10% MP)
                  | [potion of mutation]
120177 | Zot:5    | Gained mutation: You have large cloven feet. [potion of
                  | mutation]
120177 | Zot:5    | Gained mutation: You occasionally lose the ability to drink
                  | potions when taking damage. [potion of mutation]
120177 | Zot:5    | Gained mutation: Your spells are a little harder to cast,
                  | but a little more powerful. [potion of mutation]
120177 | Zot:5    | Gained mutation: You have hoof-like feet. [potion of
                  | mutation]
120178 | Zot:5    | Lost mutation: You occasionally lose the ability to drink
                  | potions when taking damage. [potion of mutation]
120178 | Zot:5    | Lost mutation: You have hoof-like feet. [potion of
                  | mutation]
120178 | Zot:5    | Lost mutation: You have large cloven feet. [potion of
                  | mutation]
120178 | Zot:5    | Gained mutation: Potions are less effective at restoring
                  | your health. [potion of mutation]
120178 | Zot:5    | Gained mutation: Your mind is acute. (Int +4, Str/Dex -1)
                  | [potion of mutation]
120206 | Zot:5    | +0 storm dragon scales {rare}; a storm dragon skeleton
120228 | Zot:5    | Gained mutation: You occasionally shout uncontrollably at
                  | your foes. [an orb of fire]
120229 | Zot:5    | Gained mutation: You are weak. (Str -2) [an orb of fire]
120232 | Zot:5    | Got the Orb of Zot
120238 | Zot:5    | Reached skill level 19 in Shields
120243 | Zot:5    | Noticed a dread lich
120247 | Zot:5    | Killed an orb of fire
120253 | Zot:5    | Noticed an ancient lich
120262 | Zot:5    | Killed a dread lich
120268 | Zot:5    | Killed an ancient lich
120271 | Zot:5    | Killed an orb of fire
120275 | Zot:5    | Noticed an ancient lich
120275 | Zot:5    | Noticed an ancient lich
120275 | Zot:5    | Noticed a dread lich
120275 | Zot:5    | Identified the +5 battleaxe "Yhol" {drain, rF+}
120275 | Zot:5    | Noticed an ancient lich
120278 | Zot:5    | Noticed an electric golem
120288 | Zot:5    | Killed an ancient lich
120289 | Zot:5    | Killed an ancient lich
120290 | Zot:5    | Reached skill level 20 in Shields
120291 | Zot:5    | Killed an electric golem
120292 | Zot:5    | Killed a dread lich
120298 | Zot:5    | Killed an ancient lich
120298 | Zot:5    | Noticed an orb of fire
120298 | Zot:5    | Noticed an electric golem
120311 | Zot:5    | Killed an ancient lich
120829 | D:$      | Escaped with the Orb!

Vanquished Creatures
  Cerebov (Pan)
  Antaeus (Coc:7)
  8 pandemonium lords
  the Royal Jelly (Slime:5)
  Asmodeus (Geh:7)
  Mnoleg (Pan)
  Ereshkigal (Tar:7)
  the Serpent of Hell (Coc:7)
  Gloorx Vloq (Pan)
  Lom Lobon (Pan)
  3 dread liches
  11 ancient liches
  Mara (Depths:1)
  3 orbs of fire
  Mennas (Pan)
  3 juggernauts (Dis:7)
  24 royal mummies
  Boris (twice) (Vaults:1 Depths:4)
  25 shard shrikes
  6 Killer Klowns
  25 caustic shrikes
  Geryon (Hell)
  Jory (Crypt:3)
  4 profane servitors
  6 golden dragons
  23 bone dragons
  3 shard shrike zombies (Coc:6)
  22 doom hounds
  9 Hell Sentinels
  4 iron giants
  An electric golem (Zot:5)
  17 tentacled monstrosities
  17 Tzitzimimeh
  20 hellephants
  11 Brimstone Fiends
  15 Ice Fiends
  Jorgrun (D:12)
  5 liches
  14 tainted leviathans
  23 Orb Guardians
  22 titans
  11 sphinxes
  24 searing wretches
  10 quicksilver dragons
  5 deep elf blademasters
  3 deep elf master archers
  4 acid blobs
  4 death cobs
  8 tentacled starspawn
  Frances (Shoals:1)
  15 Executioners (Pan)
  6 eldritch tentacles
  22 ancient champions
  8 tengu reavers
  12 shadow dragons
  15 storm dragons
  A fenstrider witch (Pan)
  6 nagarajas
  8 quicksilver elementals
  7 revenants
  Ilsuiw (Shoals:4)
  5 rockslimes (Slime:5)
  8 draconian monks
  25 narguns
  5 azure jellies
  14 demonspawn warmongers
  11 fire giants
  5 draconian knights
  11 protean progenitors
  33 balrugs
  4 draconian shifters
  6 deep elf sorcerers (Elf:3)
  4 iron dragons
  8 frost giants
  18 vault wardens
  3 draconian scorchers
  A deep elf elementalist (Elf:3)
  3 spectral caustic shrikes
  5 curse skulls
  2 draconian stormcallers
  3 orc warlords
  3 draconian annihilators
  2 spriggan defenders
  9 ghouls
  13 ironbound preservers
  4 shard shrike simulacra
  3 caustic shrike skeletons (Pan)
  5 demonspawn corrupters (Pan)
  A caustic shrike zombie (Abyss:3)
  An angel (Zot:5)
  19 reapers
  20 cacodemons (Pan)
  A spectral juggernaut (Tar:1)
  5 ironbound thunderhulks
  6 demonspawn blood saints (Pan)
  18 very ugly things
  5 juggernaut skeletons (Pan)
  A formless jellyfish (Slime:2)
  10 stone giants
  13 elemental wellsprings
  4 quicksilver oozes
  17 vampire knights
  10 green draconians
  A formless jellyfish (shapeshifter) (Zig:13)
  6 dire elephants
  17 wendigos
  11 putrid mouths
  11 white draconians
  3 deep elf death magi
  4 demonspawn black suns
  4 deep elf demonologists
  5 red draconians
  6 bennus
  2 spectral titans
  A minotaur (Gauntlet)
  12 lorocyprocas
  8 purple draconians
  3 bunyips
  11 blizzard demons (Pan)
  6 black draconians
  4 spark wasps
  25 war gargoyles
  3 deep elf annihilators
  2 yellow draconians (Zot:1)
  8 iron golems
  A pearl dragon zombie (Crypt:3)
  7 eidola
  13 mummy priests
  14 green deaths
  3 merfolk impalers
  15 ettins
  Josephine (D:14)
  3 deep elf high priests
  3 fire dragons
  6 merfolk javelineers
  9 yaktaur captains
  6 entropy weavers
  12 jiangshi
  22 vault guards
  2 crystal guardians
  A spectral golden dragon (Tar:7)
  2 spectral spriggans (Tar:4)
  A fenstrider witch zombie (Crypt:3)
  4 ice dragons
  3 great orbs of eyes
  7 hell beasts
  3 caustic shrike simulacra
  3 rakshasas
  4 juggernaut simulacra
  3 hydras
  3 spriggan skeletons
  6 ogre magi
  A spriggan air mage (Depths:3)
  2 peacekeepers
  6 boulder beetles
  9 salamander tyrants
  An alligator snapping turtle (shapeshifter) (Zig:13)
  A catoblepas (Lair:4)
  3 ghost crabs (D:11)
  6 anacondas
  9 stokers
  7 ironbound frosthearts
  4 death knights
  2 jorogumos (Pan)
  11 centaur warriors
  8 two-headed ogres
  An Orb Guardian skeleton (Crypt:1)
  27 dancing weapons
  20 death scarabs
  11 naga warriors
  6 merfolk aquamancers
  5 merfolk avatars
  A two-headed ogre (shapeshifter) (Abyss:3)
  A deep troll shaman (Depths:3)
  7 tengu warriors
  13 vampire magi
  2 demonic crawlers
  3 deep troll earth magi
  28 hell hogs
  An orc high priest (Orc:1)
  3 spectral dire elephants
  A spectral naga (Tar:1)
  3 spriggan berserkers
  12 naga sharpshooters
  3 shock serpents
  Nergalle (Orc:2)
  6 thrashing horrors
  55 sun demons
  3 skysharks
  22 soul eaters
  11 hell knights
  4 salamander mystics
  12 wretched stars
  23 deep elf knights
  4 fire crabs (D:11)
  9 shadow wraiths
  A hellephant skeleton (Pan)
  2 iron trolls (Hell)
  A storm dragon zombie (Crypt:3)
  A titan skeleton (Crypt:1)
  9 sea snakes
  29 skeletal warriors
  6 crystal echidnas
  2 golden dragon zombies
  18 sixfirhies (Pan)
  A cherub (Pan)
  7 shadow demons
  3 spark wasp zombies (Depths:2)
  A bunyip zombie (Crypt:3)
  A naga ritualist (Snake:4)
  2 spatial maelstroms (Abyss:3)
  A deep troll (shapeshifter) (Zig:10)
  2 quicksilver dragon simulacra
  3 death drakes
  6 kraken simulacra (Coc:6)
  A swamp dragon (shapeshifter) (Vaults:5)
  3 steelbarb worms (Pan)
  4 anaconda zombies
  A bunyip skeleton (Hell)
  6 glowing orange brains
  13 deep elf archers
  19 deep trolls
  35 starcursed masses
  11 flayed ghosts
  8 lindwurms
  An arcanist (Vaults:3)
  2 orc knights (Vaults:2)
  An obsidian statue (Zig:11)
  3 orange crystal statues (Zig:11)
  2 sun moths (Pan)
  20 deep elf pyromancers
  An iron giant skeleton (Tomb:2)
  16 ironbound convokers
  5 spriggan simulacra
  8 necromancers
  An ugly thing zombie (D:14)
  29 large abominations
  25 harpies
  18 phantasmal warriors
  A wolf spider (Zig:13)
  An anaconda skeleton (Hell)
  A spectral ettin (Tar:6)
  A draconian zombie (Zot:4)
  An oklob plant (Shoals:2)
  2 shining eyes
  An iron dragon zombie (Crypt:3)
  4 mana vipers
  A worldbinder (Abyss:2)
  32 deep elf zephyrmancers
  9 orc sorcerers
  11 ugly things
  11 manticores
  8 fauns
  4 cyclopes
  A fire giant zombie (Depths:1)
  An eleionoma zombie (Crypt:2)
  15 salamanders
  A spectral centaur (Tar:1)
  4 will-o-the-wisps
  12 moths of wrath
  3 apis skeletons (Crypt:3)
  A black mamba (shapeshifter) (Elf:3)
  5 merfolk sirens
  3 guardian serpents (Snake:4)
  A jorogumo skeleton (Crypt:1)
  7 apocalypse crabs
  2 water nymphs
  2 eyes of devastation
  A shock serpent zombie (Crypt:2)
  3 dire elephant zombies
  15 vault sentinels
  17 elephants
  20 black mambas
  4 titan simulacra
  A human skeleton (Vaults:1)
  12 naga magi
  7 cane toads
  3 torpor snails
  3 ice statues
  13 orange demons
  47 smoke demons
  A gargoyle (D:10)
  22 hellions
  A red draconian zombie (Crypt:1)
  A human zombie (Vaults:1)
  A rime drake (Lair:1)
  2 centaur skeletons (Crypt:1)
  2 unseen horrors (D:12)
  A catoblepas zombie (D:14)
  A black draconian zombie (Crypt:2)
  6 efreet
  3 nameless horrors
  35 tormentors
  8 elf zombies (Elf:3)
  2 hydra zombies
  2 tengu conjurers (Depths:3)
  6 freezing wraiths
  7 komodo dragons
  25 yaktaurs
  3 anaconda simulacra
  A spectral harpy (Tar:1)
  3 red devils (Pan)
  35 guardian mummies
  A komodo dragon (shapeshifter) (D:15)
  A yellow draconian skeleton (Crypt:2)
  8 ice devils
  5 harpy zombies
  5 ancient zymes (Abyss:3)
  4 trolls
  A mana viper skeleton (Crypt:1)
  A merfolk (shapeshifter) (Zig:13)
  4 wind drakes
  25 merfolk
  A silent spectre (Abyss:3)
  5 spriggan zombies
  14 hornets
  A tarantella (Vaults:4)
  18 hellwings
  A polar bear (D:15)
  16 raiju (Abyss:3)
  A fire dragon zombie (Hell)
  A glass eye (Abyss:3)
  4 hydra skeletons
  18 blink frogs
  A satyr zombie (Crypt:2)
  23 dream sheep
  An iron dragon simulacrum (Depths:1)
  47 slime creatures
  9 snapping turtles
  8 wraiths
  2 air elementals (Elf:3)
  A black mamba zombie (Crypt:3)
  2 shadows
  A centaur simulacrum (Crypt:1)
  3 ettin skeletons
  13 water elementals
  A culicivora (Vaults:2)
  A spectral black mamba (Tar:1)
  19 vampires
  4 wyverns
  12 ushabtiu
  2 culicivoras (shapeshifter)
  19 ynoxinuls
  A spriggan (Depths:3)
  6 dire elephant simulacra
  39 yaks
  2 fire elementals
  18 neqoxecs
  3 alligator snapping turtle simulacra
  5 golden eyes
  3 basilisks
  4 steam dragons
  2 wargs
  2 vampire mosquitoes (D:14)
  A redback (shapeshifter) (Vaults:2)
  18 chaos spawn
  A wind drake skeleton (Crypt:2)
  2 spatial vortices (Abyss:3)
  13 harpy simulacra
  5 redbacks
  25 nagas
  Edmund (D:5)
  A two-headed ogre zombie (Crypt:3)
  6 hydra simulacra
  14 water moccasins
  A naga skeleton (Tomb:2)
  Duvessa (D:5)
  9 hell hounds
  15 orc warriors
  A black bear (shapeshifter) (Elf:1)
  3 black bears
  4 ettin simulacra
  An ogre skeleton (Vaults:1)
  2 ice beasts
  A blink frog zombie (Lair:1)
  9 small abominations
  14 ogres
  5 boggarts (Vaults:1)
  15 laughing skulls (Abyss:3)
  11 wolves
  2 centaurs (D:7)
  A swamp dragon skeleton (Hell)
  2 phantoms (D:5)
  4 weeping skulls (Abyss:3)
  Blork the orc (D:6)
  2 kobold brigands
  2 brain worms
  16 bullfrogs
  A scorpion (D:4)
  4 necrophages (Crypt:2)
  A gnoll sergeant (D:9)
  A naga simulacrum (Coc:5)
  A yaktaur skeleton (Crypt:1)
  3 wights (D:8)
  An earth elemental (Elf:3)
  A cyclops skeleton (Crypt:3)
  A water moccasin skeleton (Crypt:1)
  Dowan (D:5)
  8 killer bees
  A troll zombie (D:12)
  2 yak zombies (Lair:3)
  A raiju zombie (D:14)
  2 yak skeletons
  8 howler monkeys
  5 electric eels
  A bombardier beetle (D:4)
  2 crimson imps
  A quasit (Abyss:3)
  6 jellies
  2 hounds
  19 orc priests
  4 iron imps
  3 sleepcaps
  A black bear skeleton (Crypt:3)
  30 orc wizards
  2 iguanas
  A deep dwarf zombie (Crypt:2)
  40 mummies
  9 gnolls
  A swamp drake zombie (Crypt:3)
  6 adders
  3 shadow imps
  4 white imps
  4 ufetubi
  A worm (D:3)
  7 dart slugs
  90 orcs
  9 ball pythons
  9 endoplasms
  3 giant cockroaches
  8 hobgoblins
  2 jackals (D:1)
  13 kobolds
  7 quokkas
  9 bats
  5 frilled lizards
  A frilled lizard zombie (Crypt:3)
  6 goblins
  5 rats
  6 aspiring fleshes (Pan)
  9 ball lightnings (Pan)
  A creeping inferno (Hell)
  15 fire vortices
  A lurking horror (Abyss:1)
  8 starspawn tentacles
  3 tentacles (Coc:6)
3319 creatures vanquished.

Vanquished Creatures (collateral kills)
  2 dread liches
  2 orbs of fire
  3 ancient liches
  A juggernaut (Depths:4)
  2 royal mummies (Tomb:1)
  5 caustic shrikes
  Margery (Depths:3)
  Vashnia (Snake:4)
  A shard shrike (Coc:6)
  4 golden dragons
  A curse toe (Zot:3)
  A profane servitor (Crypt:3)
  A doom hound (Zot:4)
  An electric golem (Zot:3)
  A Brimstone Fiend (Pan)
  2 Tzitzimimeh (Pan)
  A pandemonium lord (Zig:13)
  A hellephant (Geh:7)
  A tainted leviathan (Tar:7)
  An Ice Fiend (Coc:7)
  2 Orb Guardians (Zot:5)
  5 tentacled monstrosities
  A lich (Crypt:3)
  Grunn (Zot:4)
  A titan (Vaults:5)
  A quicksilver dragon (Zot:4)
  4 sphinxes
  2 ancient champions
  2 death cobs
  An Executioner (Pan)
  11 acid blobs
  2 eldritch tentacles
  6 storm dragons
  5 azure jellies (Slime:5)
  Aizul (Depths:1)
  A tengu reaver (Depths:4)
  Donald (Shoals:3)
  7 shadow dragons
  7 rockslimes
  3 draconian monks
  A fenstrider witch (Depths:1)
  Louise (D:15)
  2 draconian knights
  6 fire giants
  3 quicksilver elementals (Dis:4)
  4 balrugs (Pan)
  5 draconian shifters
  2 protean progenitors
  A deep elf sorcerer (Vaults:5)
  8 frost giants
  5 vault wardens
  A deep elf elementalist (Elf:3)
  2 shard shrike simulacra (Coc:6)
  2 ghost moths
  3 ghouls
  8 draconian scorchers
  A curse skull (Crypt:3)
  An orc warlord (Vaults:2)
  3 spriggan defenders
  5 draconian annihilators
  2 draconian stormcallers
  4 reapers
  2 ironbound preservers
  2 demonspawn corrupters (Pan)
  5 formless jellyfish
  A caustic shrike skeleton (Pan)
  6 quicksilver oozes
  A broodmother (Zot:3)
  9 green draconians
  10 very ugly things
  An elemental wellspring (Coc:6)
  2 ironbound thunderhulks
  10 stone giants
  7 vampire knights
  3 deep elf death magi
  4 deep elf demonologists
  10 black draconians
  13 red draconians
  A deep elf annihilator (Elf:3)
  7 purple draconians
  2 bunyips
  4 war gargoyles
  3 dire elephants (Vaults:1)
  8 spark wasps
  8 white draconians
  A wendigo (Coc:6)
  2 eidola (Crypt:3)
  5 yellow draconians
  4 iron golems
  6 green deaths (Pan)
  7 ettins
  A pearl dragon zombie (Crypt:3)
  5 yaktaur captains
  2 jiangshi (Crypt:3)
  A fire dragon (Depths:4)
  A deep elf high priest (Depths:3)
  A merfolk javelineer (Shoals:4)
  3 merfolk impalers (Shoals:4)
  2 hydras
  An entropy weaver (Pan)
  4 rakshasas
  13 vault guards
  3 ice dragons
  6 anacondas
  2 juggernaut simulacra (Coc:6)
  An ogre mage (Orc:1)
  A spriggan air mage (Depths:4)
  4 great orbs of eyes
  A merfolk avatar (Lair:5)
  5 boulder beetles
  2 centaur warriors (Vaults:1)
  3 ironbound frosthearts
  3 dancing weapons (Elf:2)
  A catoblepas (D:14)
  3 merfolk aquamancers
  A two-headed ogre (Orc:1)
  A satyr (Shoals:2)
  2 tengu warriors
  2 death knights
  2 deep troll earth magi
  A deep troll shaman (Depths:4)
  A demonic crawler (Pan)
  2 naga warriors (Snake:1)
  4 vampire magi
  Urug (Orc:2)
  A hell hog (Crypt:3)
  A titan zombie (Crypt:1)
  3 occultists
  6 naga sharpshooters
  4 spriggan berserkers (Depths:2)
  5 skeletal warriors
  8 deep elf knights (Elf:2)
  3 hell knights (Depths:3)
  A shock serpent (Snake:4)
  A crystal echidna (Dis:1)
  8 sun demons
  A sixfirhy (Pan)
  2 titan skeletons
  An iron troll (Depths:4)
  A golden dragon zombie (Depths:3)
  A salamander mystic (Snake:4)
  6 sea snakes
  A quicksilver dragon simulacrum (Coc:6)
  2 large abominations (Pan)
  A flayed ghost (Depths:2)
  3 naga ritualists (Snake:1)
  5 deep elf archers
  2 deep trolls
  An arcanist (Vaults:3)
  8 phantasmal warriors
  A bog body (Crypt:2)
  8 harpies
  A lindwurm (shapeshifter) (Elf:3)
  A glowing orange brain (Depths:4)
  2 golden dragon skeletons (Crypt:1)
  5 orc knights
  6 deep elf zephyrmancers
  2 lindwurms (Vaults:3)
  9 deep elf pyromancers
  4 ironbound convokers
  3 necromancers (Depths:3)
  3 orc sorcerers
  A faun (shapeshifter) (Depths:3)
  7 shining eyes
  5 mana vipers (Snake:1)
  A wolf spider (Zig:13)
  A manticore (shapeshifter) (Depths:1)
  6 manticores
  4 fauns
  7 elephants
  12 ugly things
  14 moths of wrath
  3 cyclopes
  An apis skeleton (Crypt:3)
  2 merfolk sirens (Shoals:4)
  4 salamanders
  3 meliai (D:15)
  2 vault sentinels
  4 guardian serpents
  An apocalypse crab (Zig:13)
  A nameless horror (Depths:1)
  2 water nymphs
  10 black mambas
  An eye of devastation (Depths:1)
  An orange demon (Pan)
  A smoke demon (Pan)
  4 naga magi
  6 cane toads
  A gargoyle (D:11)
  3 komodo dragons
  7 yaktaurs
  An efreet (Pan)
  3 rime drakes (Lair:5)
  A tengu conjurer (Depths:4)
  5 tormentors
  A freezing wraith (Crypt:1)
  A red devil (Pan)
  A spark wasp simulacrum (Depths:3)
  A golden dragon simulacrum (Coc:6)
  A guardian mummy (Tomb:1)
  6 merfolk
  3 trolls
  A hellwing (Pan)
  A polar bear (Lair:5)
  2 spriggan skeletons
  2 hornets (Depths:1)
  A tengu simulacrum (Depths:3)
  6 wind drakes
  2 glass eyes (Slime:5)
  8 blink frogs
  A raiju (shapeshifter) (D:14)
  12 dream sheep
  27 slime creatures
  4 snapping turtles
  4 vampires (Crypt:3)
  10 water elementals
  2 spriggans (Depths:1)
  A satyr skeleton (Crypt:1)
  8 yaks
  5 wraiths
  7 ynoxinuls (Pan)
  A fire elemental (Elf:2)
  A basilisk (Lair:1)
  4 neqoxecs (Pan)
  A wyvern (Lair:2)
  2 golden eyes
  4 vampire mosquitoes (D:14)
  3 chaos spawn (Pan)
  12 nagas
  A two-headed ogre zombie (Orc:1)
  4 water moccasins
  4 orc warriors
  An ettin simulacrum (Coc:6)
  An ice beast (D:15)
  An elf zombie (Elf:3)
  14 ogres
  7 wolves
  A bullfrog (Lair:3)
  A necrophage (Crypt:1)
  An elf skeleton (Crypt:3)
  A yak zombie (Crypt:3)
  3 howler monkeys
  3 jellies (Slime:2)
  4 orc priests (Orc:1)
  A basilisk skeleton (Crypt:2)
  3 orc wizards (Orc:2)
  A mummy (Tomb:1)
  A jelly zombie (Slime:2)
  6 orcs
  5 ball lightnings (Pan)
  5 creeping infernos
858 creatures vanquished.

Vanquished Creatures (others)
  A shard shrike (Coc:6)
  4 shard shrike zombies (Coc:6)
  An Ice Fiend (Coc:2)
  An Executioner (Pan)
  107 eldritch tentacles
  2 draconian knights
  A nargun (Coc:7)
  2 fire giants (Depths:3)
  A draconian monk (Depths:4)
  A broodmother (Zot:3)
  3 shard shrike simulacra
  A demonspawn corrupter (Pan)
  An eidolon (Crypt:2)
  A blizzard demon (Pan)
  A quicksilver dragon zombie (Depths:4)
  2 green deaths (Pan)
  3 acid blob zombies (Slime:5)
  5 very ugly thing zombies (Depths:1)
  A salamander tyrant (Snake:4)
  A fenstrider witch zombie (Depths:1)
  A rakshasa (Pan)
  A caustic shrike simulacrum (Coc:4)
  A dancing weapon (Elf:3)
  2 merfolk aquamancers (Shoals:1)
  An azure jelly zombie (Slime:5)
  A titan zombie (Vaults:5)
  A hellephant zombie (Depths:3)
  A quicksilver ooze zombie (Slime:5)
  A hell knight (Depths:3)
  3 storm dragon zombies (Zot:1)
  A golden dragon zombie (Zot:4)
  5 anaconda zombies
  2 sixfirhies (Pan)
  A ghost moth zombie (Zot:4)
  A quicksilver dragon simulacrum (Coc:2)
  A shadow dragon zombie (Vaults:5)
  10 ugly thing zombies
  A spriggan simulacrum (Coc:7)
  2 stone giant zombies (Vaults:5)
  2 frost giant zombies (Depths:1)
  5 draconian zombies
  A deep elf zephyrmancer (Elf:1)
  4 fire giant zombies
  A shock serpent zombie (Snake:2)
  3 centaur zombies (Vaults:1)
  2 demonspawn zombies (Pan)
  A yellow draconian zombie (Zot:1)
  A purple draconian zombie (Zot:3)
  4 smoke demons (Pan)
  2 titan simulacra
  53 human zombies
  2 red draconian zombies (Zot:2)
  2 green draconian zombies
  A white draconian zombie (Zot:3)
  4 black draconian zombies (Zot:1)
  3 iron giant simulacra
  3 sea snake zombies
  11 harpy zombies
  2 great orb of eyes zombies (Slime:5)
  A hydra zombie (Lair:5)
  5 moth of wrath zombies
  2 guardian serpent zombies (Snake:4)
  4 ettin zombies
  A culicivora zombie (D:14)
  9 black mamba zombies
  An ice dragon zombie (Depths:3)
  4 slime creature zombies
  2 naga simulacra
  A slime creature (Slime:3)
  2 wind drake zombies
  5 tengu zombies
  A neqoxec (Pan)
  10 deep troll zombies
  A harpy simulacrum (Coc:5)
  3 chaos spawn
  A faun zombie (Shoals:1)
  3 merfolk zombies
  A skyshark zombie (Lair:5)
  2 cane toad zombies
  6 elephant zombies
  23 elf zombies
  2 lindwurm zombies (Vaults:1)
  4 blink frog zombies
  5 dream sheep zombies (Lair:5)
  4 ettin simulacra
  18 naga zombies
  26 orc zombies
  A snapping turtle zombie (Shoals:4)
  2 hornet zombies (Depths:1)
  A komodo dragon zombie (Lair:4)
  A wyvern zombie (Lair:2)
  10 yaktaur zombies
  3 salamander zombies (Snake:4)
  A warg zombie (Orc:1)
  5 water moccasin zombies
  20 yak zombies
  A troll zombie (Orc:1)
  4 spriggan zombies
  6 bullfrog zombies
  A basilisk zombie (Lair:3)
  2 orc wizards (Orc:2)
  2 ogre zombies
  A steam dragon zombie (Lair:5)
  A jelly zombie (Slime:2)
  An orc (Orc:2)
  7 ball lightnings (Pan)
  A creeping inferno (Geh:3)
  4 fire vortices
  6 foxfires
  194 fulminant prisms
  7 starspawn tentacles
  41 tentacles (Coc:6)
754 creatures vanquished.

Grand Total: 4931 creatures vanquished

Table legend:
 A = Non-vault XP
 B = Vault XP
 C = Vault XP percentage of total XP
 D = Non-vault monster count
 E = Vault monster count
 F = Vault count percentage of total count
                 A         B        C        D         E       F
            +---------+---------+-------+---------+---------+-------
      Total | 1754496 | 1527771 |  46.5 |    2588 |    1489 |  36.5
            +---------+---------+-------+---------+---------+-------
        D:1 |      66 |       0 |   0.0 |      36 |       0 |   0.0
        D:2 |      96 |       5 |   5.0 |      19 |       4 |  17.4
        D:3 |      55 |       0 |   0.0 |      17 |       0 |   0.0
        D:4 |     336 |       0 |   0.0 |      17 |       0 |   0.0
        D:5 |     628 |     371 |  37.1 |      12 |       3 |  20.0
        D:6 |     198 |     100 |  33.6 |       9 |       1 |  10.0
        D:7 |     660 |     202 |  23.4 |      11 |       4 |  26.7
        D:8 |    1413 |       0 |   0.0 |      32 |       0 |   0.0
        D:9 |    4737 |     488 |   9.3 |      37 |      25 |  40.3
       D:10 |    2164 |    1200 |  35.7 |      18 |      14 |  43.8
       D:11 |    4914 |    8757 |  64.1 |      19 |      11 |  36.7
       D:12 |    7682 |    1822 |  19.2 |      30 |       1 |   3.2
       D:13 |    3674 |    1813 |  33.0 |       8 |       2 |  20.0
       D:14 |    8408 |   13497 |  61.6 |      21 |      21 |  50.0
       D:15 |    6623 |    4284 |  39.3 |      12 |      13 |  52.0
     Lair:1 |    7379 |       0 |   0.0 |      34 |       0 |   0.0
     Lair:2 |    6269 |     466 |   6.9 |      25 |       1 |   3.8
     Lair:3 |    7330 |     977 |  11.8 |      29 |       4 |  12.1
     Lair:4 |   12082 |    1809 |  13.0 |      36 |       2 |   5.3
     Lair:5 |   18877 |    8917 |  32.1 |      58 |      20 |  25.6
   Shoals:1 |   13456 |    3574 |  21.0 |      32 |       5 |  13.5
   Shoals:2 |   20464 |     557 |   2.6 |      38 |       1 |   2.6
   Shoals:3 |   13469 |    6641 |  33.0 |      26 |      12 |  31.6
   Shoals:4 |   14105 |   24297 |  63.3 |      31 |      38 |  55.1
    Snake:1 |   22968 |   15687 |  40.6 |      50 |      23 |  31.5
    Snake:2 |   12595 |       0 |   0.0 |      22 |       0 |   0.0
    Snake:3 |    7528 |       0 |   0.0 |      12 |       0 |   0.0
    Snake:4 |   14551 |   29437 |  66.9 |      33 |      40 |  54.8
    Slime:1 |    7606 |       0 |   0.0 |      13 |       0 |   0.0
    Slime:2 |    3721 |     297 |   7.4 |       6 |       7 |  53.8
    Slime:3 |    7954 |       0 |   0.0 |      16 |       0 |   0.0
    Slime:4 |    5614 |       0 |   0.0 |       9 |       0 |   0.0
    Slime:5 |    6190 |   25072 |  80.2 |      10 |      18 |  64.3
      Orc:1 |    6008 |    9313 |  60.8 |      38 |      30 |  44.1
      Orc:2 |    1485 |    8735 |  85.5 |      29 |      37 |  56.1
      Elf:1 |   15701 |    6730 |  30.0 |      28 |      12 |  30.0
      Elf:2 |   27288 |   26828 |  49.6 |      40 |      35 |  46.7
      Elf:3 |   16087 |   26838 |  62.5 |      29 |      24 |  45.3
   Vaults:1 |   15684 |   22788 |  59.2 |      25 |      27 |  51.9
   Vaults:2 |   16800 |   27696 |  62.2 |      32 |      34 |  51.5
   Vaults:3 |   37508 |   27789 |  42.6 |      63 |      35 |  35.7
   Vaults:4 |   15109 |   10797 |  41.7 |      27 |      12 |  30.8
   Vaults:5 |   14625 |  114030 |  88.6 |      15 |      97 |  86.6
    Crypt:1 |   41388 |    6660 |  13.9 |      61 |       9 |  12.9
    Crypt:2 |   27226 |     802 |   2.9 |      37 |       1 |   2.6
    Crypt:3 |   25313 |   47618 |  65.3 |      34 |      73 |  68.2
     Tomb:1 |   11387 |  100228 |  89.8 |      21 |      77 |  78.6
     Tomb:2 |    8545 |   39424 |  82.2 |      29 |      41 |  58.6
     Tomb:3 |    2251 |    8256 |  78.6 |       8 |       8 |  50.0
   Depths:1 |   32355 |   21559 |  40.0 |      40 |      21 |  34.4
   Depths:2 |   21693 |   41244 |  65.5 |      24 |      42 |  63.6
   Depths:3 |   34449 |   33276 |  49.1 |      39 |      32 |  45.1
   Depths:4 |   50746 |   65146 |  56.2 |      41 |      50 |  54.9
       Hell |   15909 |   37419 |  70.2 |      21 |      40 |  65.6
      Dis:1 |   32129 |       0 |   0.0 |      18 |       0 |   0.0
      Dis:2 |    2453 |    7435 |  75.2 |       4 |       5 |  55.6
      Dis:3 |   24854 |    2149 |   8.0 |      12 |       6 |  33.3
      Dis:4 |   15500 |   17747 |  53.4 |      10 |       9 |  47.4
      Dis:5 |    1244 |       0 |   0.0 |       2 |       0 |   0.0
      Dis:7 |    2283 |   78072 |  97.2 |       3 |      48 |  94.1
      Geh:1 |    8769 |       0 |   0.0 |       6 |       0 |   0.0
      Geh:2 |    7722 |       0 |   0.0 |       7 |       0 |   0.0
      Geh:3 |   14781 |       0 |   0.0 |      15 |       0 |   0.0
      Geh:4 |   10625 |       0 |   0.0 |       8 |       0 |   0.0
      Geh:6 |   11322 |       0 |   0.0 |      10 |       0 |   0.0
      Geh:7 |    9501 |   52055 |  84.6 |      10 |      29 |  74.4
      Coc:1 |    6986 |       0 |   0.0 |       8 |       0 |   0.0
      Coc:2 |   14501 |    9501 |  39.6 |      19 |       6 |  24.0
      Coc:3 |   21286 |       0 |   0.0 |      17 |       0 |   0.0
      Coc:4 |    9864 |       0 |   0.0 |      17 |       0 |   0.0
      Coc:5 |   27244 |       0 |   0.0 |      28 |       0 |   0.0
      Coc:6 |   43804 |    4166 |   8.7 |      33 |       6 |  15.4
      Coc:7 |   18062 |  105356 |  85.4 |      18 |      57 |  76.0
      Tar:1 |   17620 |    7583 |  30.1 |      16 |      10 |  38.5
      Tar:2 |    3578 |       0 |   0.0 |       4 |       0 |   0.0
      Tar:3 |   11763 |       0 |   0.0 |       9 |       0 |   0.0
      Tar:4 |    5660 |       0 |   0.0 |       4 |       0 |   0.0
      Tar:5 |    8813 |       0 |   0.0 |       7 |       0 |   0.0
      Tar:6 |   25719 |   10223 |  28.4 |      18 |       6 |  25.0
      Tar:7 |   52687 |   65698 |  55.5 |      31 |      31 |  50.0
      Zot:1 |   59141 |       0 |   0.0 |      54 |       0 |   0.0
      Zot:2 |   51715 |       0 |   0.0 |      47 |       0 |   0.0
      Zot:3 |   21725 |   30867 |  58.7 |      21 |      25 |  54.3
      Zot:4 |   29234 |   16046 |  35.4 |      21 |      11 |  34.4
      Zot:5 |   24982 |   93301 |  78.9 |      20 |      35 |  63.6
    Abyss:1 |   11898 |       0 |   0.0 |      28 |       0 |   0.0
    Abyss:2 |    4561 |       0 |   0.0 |       8 |       0 |   0.0
    Abyss:3 |   77530 |   13984 |  15.3 |     166 |      32 |  16.2
        Pan |  221461 |  176008 |  44.3 |     294 |     159 |  35.1
      Zig:1 |     740 |       0 |   0.0 |       2 |       0 |   0.0
      Zig:2 |    1596 |       0 |   0.0 |       3 |       0 |   0.0
      Zig:3 |    3021 |       0 |   0.0 |       4 |       0 |   0.0
      Zig:4 |    5233 |       0 |   0.0 |       4 |       0 |   0.0
      Zig:5 |    5107 |       0 |   0.0 |       6 |       0 |   0.0
      Zig:6 |    6867 |       0 |   0.0 |       6 |       0 |   0.0
      Zig:7 |    9375 |       0 |   0.0 |       9 |       0 |   0.0
      Zig:8 |   15160 |       0 |   0.0 |      11 |       0 |   0.0
      Zig:9 |   11817 |       0 |   0.0 |      16 |       0 |   0.0
     Zig:10 |   15987 |       0 |   0.0 |      12 |       0 |   0.0
     Zig:11 |   23796 |    2529 |   9.6 |      15 |       4 |  21.1
     Zig:12 |   22510 |       0 |   0.0 |      15 |       0 |   0.0
     Zig:13 |   31500 |       0 |   0.0 |      25 |       0 |   0.0
     Zig:14 |    9401 |       0 |   0.0 |       8 |       0 |   0.0
   Gauntlet |       0 |    1605 | 100.0 |       0 |       3 | 100.0
            +---------+---------+-------+---------+---------+-------

Skill      XL: |  1  2  3  4  5  6  7  8  9 10 11 12 13 14 15 16 17 18 19 20 21 22 23 24 25 26 27 |
---------------+----------------------------------------------------------------------------------+-----
Fighting       | 1 2 3 4 6 7 8 10 12 13 15 17 19 22 24 27 | 27.0
Spellcasting   | 3 4 5 8 9 12 14 15 17 27 | 27.0
Conjurations   | 4 5 6 7 |  7.4
Alchemy        | 2 4 9 12 | 12.3
Evocations     | 1 2 6 |  6.8
Translocations | 2 4 7 9 |  9.1
Necromancy     | 6 9 10 | 10.9
Earth Magic    | 4 7 |  7.4
Short Blades   | 4 |  4.5
Dodging        | 4 5 6 7 20 | 20.3
Armour         | 4 8 19 | 19.6
Stealth        | 2 3 |  3.0
Shields        | 5 9 12 13 20 | 20.8
Maces & Flails | 4 9 12 13 | 13.6
Summonings     | 9 10 | 10.7
Fire Magic     | 3 4 |  4.2
Air Magic      | 3 4 |  4.2
Axes           | 8 12 18 | 18.3
Ice Magic      | 5 7 24 | 24.0
Shapeshifting  | 3 13 17 20 | 20.8

Action                     |  1- 3 |  4- 6 |  7- 9 | 10-12 | 13-15 | 16-18 | 19-21 | 22-24 | 25-27 || total
---------------------------+-------+-------+-------+-------+-------+-------+-------+-------+-------++-------
  Melee: Mace              |    20 |       |       |       |       |       |       |       |       ||    20
         Headbutt          |     3 |     1 |    12 |    44 |   179 |   145 |   192 |   269 |  1947 ||  2792
         Dagger            |       |    22 |    50 |   198 |   525 |   149 |       |       |       ||   944
         Punch             |       |       |     1 |     4 |    11 |     4 |       |       |       ||    20
         Eveningstar       |       |       |       |       |       |   710 |  1706 |   245 |       ||  2661
         Broad axe         |       |       |       |       |       |       |       |   732 |  5766 ||  6498
         Kick              |       |       |       |       |       |       |       |   316 |  2978 ||  3294
   Cast: Magic Dart        |    92 |   111 |   110 |   135 |     1 |       |       |       |       ||   449
         Searing Ray       |       |    14 |    32 |    27 |       |       |       |       |       ||    73
         Fulminant Prism   |       |       |    23 |    69 |    90 |    12 |       |       |       ||   194
         Animate Dead      |       |       |       |    10 |    21 |    23 |    20 |    12 |    18 ||   104
         Iskenderun's Myst |       |       |       |     5 |     5 |     2 |       |       |       ||    12
         Borgnjor's Vile C |       |       |       |    45 |   230 |   132 |    25 |    44 |    47 ||   523
         Death Channel     |       |       |       |       |    23 |    39 |    28 |    13 |    22 ||   125
         Vampiric Draining |       |       |       |       |     7 |     5 |       |       |       ||    12
         Fugue of the Fall |       |       |       |       |     2 |     5 |     3 |     5 |     6 ||    21
         Curse of Agony    |       |       |       |       |       |     7 |       |       |     2 ||     9
         Manifold Assault  |       |       |       |       |       |   212 |   544 |   141 |       ||   897
         Spellforged Servi |       |       |       |       |       |       |     5 |    36 |    84 ||   125
         Malign Gateway    |       |       |       |       |       |       |     2 |    25 |    87 ||   114
         Blink             |       |       |       |       |       |       |       |    11 |     1 ||    12
         Sublimation of Bl |       |       |       |       |       |       |       |     2 |       ||     2
         Sculpt Simulacrum |       |       |       |       |       |       |       |    12 |     9 ||    21
         Martyr's Knell    |       |       |       |       |       |       |       |     9 |    10 ||    19
         Polar Vortex      |       |       |       |       |       |       |       |       |   189 ||   189
 Invoke: Curse Item        |       |       |     5 |       |     2 |     6 |     1 |     3 |     4 ||    21
         Shatter the Chain |       |       |       |     1 |       |     4 |     1 |     4 |     3 ||    13
  Evoke: Wand              |       |       |     9 |    16 |    28 |     6 |     5 |     2 |     9 ||    75
         Phial of floods   |       |       |       |       |     1 |     2 |       |     1 |     2 ||     6
         Lightning rod     |       |       |       |       |       |     8 |       |     4 |     4 ||    16
         Sack of spiders   |       |       |       |       |       |     1 |     1 |     3 |     3 ||     8
         Tin of tremorston |       |       |       |       |       |       |       |     2 |     2 ||     4
         Phantom mirror    |       |       |       |       |       |       |       |       |     5 ||     5
    Use: Scroll            |     5 |     2 |       |     2 |     9 |    10 |     3 |     7 |    48 ||    86
         Potion            |       |       |     3 |     3 |     1 |     4 |     3 |     8 |    40 ||    62
   Stab: Paralysed         |       |       |     6 |    10 |     5 |       |       |       |     2 ||    23
         Sleeping          |       |       |     1 |       |     2 |     2 |     3 |       |     4 ||    12
         Distracted        |       |       |       |     1 |     8 |    13 |     8 |     9 |    24 ||    63
         Petrified         |       |       |       |       |     1 |       |       |       |     6 ||     7
         Confused          |       |       |       |       |       |       |       |       |     9 ||     9
         Invisible         |       |       |       |       |       |       |       |       |     2 ||     2
         Petrifying        |       |       |       |       |       |       |       |       |     1 ||     1
 Armour: Robe              |    26 |    36 |   120 |    57 |       |       |       |       |       ||   239
         Steam dragon scal |       |       |       |   270 |   697 |   574 |   424 |   323 |       ||  2288
         Quicksilver drago |       |       |       |       |       |       |       |   135 |  2733 ||  2868
         Skin              |       |       |       |       |       |       |       |       |     1 ||     1
  Dodge: Dodged            |    14 |    19 |    53 |   186 |   385 |   306 |   182 |   199 |  1700 ||  3044
  Block: Tower shield      |       |       |       |       |       |   488 |   667 |   124 |       ||  1279
         Reflection        |       |       |       |       |       |    66 |    56 |     4 |       ||   126
         Kite shield       |       |       |       |       |       |       |       |   336 |  3262 ||  3598
   Form: Death             |       |       |       |       |       |       |       |       |     6 ||     6
                           |       |       |       |       |       |       |       |       |     5 ||     5

Illustrated notes

Table legend:
 A = Kills in this place as a percentage of kills in the entire game.
 B = Kills by you in this place as a percentage of kills by you in the entire game.
 C = Kills by friends in this place as a percentage of kills by friends in the entire game.
 D = Other kills in this place as a percentage of other kills in the entire game.
 E = Experience gained in this place as a percentage of experience gained in the entire game.
 F = Experience gained in this place divided by the number of levels of this place that you have seen.
                   A       B       C       D       E      F
               +-------+-------+-------+-------+-------+----------------------
         Total | 100.0 | 100.0 | 100.0 | 100.0 | 100.0 | 25922.4
       Dungeon |   9.8 |  11.3 |   4.4 |   0.0 |   2.4 | 5192.1
          Lair |   5.1 |   4.5 |   7.7 |   0.0 |   1.9 | 12821.2
        Shoals |   4.5 |   3.7 |   7.3 |   5.9 |   2.9 | 24140.8
     Snake Pit |   4.4 |   3.8 |   6.8 |   2.9 |   3.1 | 25691.5
    Slime Pits |   1.9 |   0.9 |   6.1 |   0.0 |   1.7 | 11290.8
  Orcish Mines |   3.3 |   2.8 |   5.0 |   2.9 |   0.8 | 12770.5
   Elven Halls |   4.1 |   3.9 |   4.7 |   5.9 |   3.6 | 39824.0
        Vaults |   9.0 |   8.5 |  11.1 |   0.0 |   9.2 | 60565.2
         Crypt |   5.3 |   5.0 |   6.3 |   2.9 |   4.5 | 49669.0
          Tomb |   4.5 |   5.6 |   0.5 |   0.0 |   5.2 | 56697.0
        Depths |   7.2 |   4.7 |  16.6 |   8.8 |   9.2 | 76118.5
          Hell |   1.5 |   1.8 |   0.1 |   2.9 |   1.6 | 53328.0
           Dis |   2.9 |   3.0 |   2.3 |   0.0 |   5.6 | 26266.6
       Gehenna |   2.1 |   2.6 |   0.1 |   0.0 |   3.5 | 16396.4
       Cocytus |   5.1 |   5.8 |   1.3 |  32.4 |   7.9 | 37252.9
      Tartarus |   3.3 |   4.2 |   0.1 |   0.0 |   6.4 | 29906.3
           Zot |   5.9 |   4.1 |  13.0 |   8.8 |  10.0 | 65838.2
         Abyss |   5.7 |   7.2 |   0.0 |   0.0 |   3.3 | 35991.0
   Pandemonium |  11.1 |  12.2 |   6.1 |  26.5 |  12.1 | 23380.5
      Ziggurat |   3.4 |   4.2 |   0.5 |   0.0 |   5.0 | 10975.9
      Gauntlet |   0.1 |   0.1 |   0.0 |   0.0 |   0.0 | 1605.0
               +-------+-------+-------+-------+-------+----------------------

Table legend: (Time is in decaauts)
 A = Elapsed time spent in this place.
 B = Non-inter-level travel time spent in this place.
 C = Inter-level travel time spent in this place.
 D = Time resting spent in this place.
 E = Time spent auto-exploring this place.
 F = Levels seen in this place.
 G = Mean time per level.
                   A        B        C        D        E       F      G
               +--------+--------+--------+--------+--------+-----+--------+
         Total | 118040 | 107795 |  10245 |  25881 |  56017 | 127 |  929.4 |
       Dungeon |  26172 |  22800 |   3372 |   6265 |  12505 |  15 | 1744.8 |
        Temple |      1 |      1 |      0 |      0 |      0 |   1 |    1.0 |
          Lair |   9532 |   8494 |   1038 |   2334 |   4471 |   5 | 1906.4 |
        Shoals |   7475 |   7291 |    184 |    637 |   5806 |   4 | 1868.8 |
     Snake Pit |   8624 |   8287 |    337 |   2266 |   4346 |   4 | 2156.0 |
    Slime Pits |    776 |    651 |    125 |     47 |    169 |   5 |  155.2 |
  Orcish Mines |   3986 |   3286 |    700 |    763 |   1731 |   2 | 1993.0 |
   Elven Halls |   5687 |   5428 |    259 |    843 |   3688 |   3 | 1895.7 |
        Vaults |  13466 |  12396 |   1070 |   2299 |   7960 |   5 | 2693.2 |
         Crypt |   3972 |   3360 |    612 |    121 |   2251 |   3 | 1324.0 |
          Tomb |   1364 |   1235 |    129 |     67 |    380 |   3 |  454.7 |
        Depths |  12319 |  10871 |   1448 |   4160 |   4709 |   4 | 3079.8 |
          Hell |   1205 |   1112 |     93 |    352 |    307 |   1 | 1205.0 |
           Dis |   1571 |   1568 |      3 |    704 |     75 |   7 |  224.4 |
       Gehenna |    978 |    885 |     93 |     82 |     37 |   7 |  139.7 |
       Cocytus |   1885 |   1678 |    207 |    568 |    148 |   7 |  269.3 |
      Tartarus |   1341 |   1224 |    117 |    300 |     83 |   7 |  191.6 |
           Zot |   7539 |   7088 |    451 |   2463 |   3091 |   5 | 1507.8 |
         Abyss |   1502 |   1502 |      0 |      7 |    588 |   3 |  500.7 |
   Pandemonium |   6628 |   6628 |      0 |    918 |   3111 |  17 |  389.9 |
      Ziggurat |   1261 |   1261 |      0 |    552 |    178 |  15 |   84.1 |
        Bazaar |    233 |    233 |      0 |      0 |    206 |   2 |  116.5 |
         Trove |     70 |     70 |      0 |      0 |      0 |   1 |   70.0 |
      Gauntlet |    443 |    443 |      0 |    131 |    176 |   1 |  443.0 |
               +--------+--------+--------+--------+--------+-----+--------+

Top non-repeatable levels by time:
Depths:4: 4322 daAuts
Vaults:3: 3110 daAuts
 Snake:1: 3060 daAuts
Vaults:2: 2920 daAuts
Vaults:1: 2890 daAuts
    D:14: 2857 daAuts
Depths:2: 2814 daAuts
Shoals:4: 2759 daAuts
    D:11: 2741 daAuts
     D:9: 2628 daAuts
Depths:1: 2615 daAuts
Depths:3: 2566 daAuts
 Snake:4: 2556 daAuts
Vaults:5: 2438 daAuts
   Zot:1: 2258 daAuts
